%YAML 1.1
%TAG !u! tag:unity3d.com,2011:
--- !u!29 &1
OcclusionCullingSettings:
  m_ObjectHideFlags: 0
  serializedVersion: 2
  m_OcclusionBakeSettings:
    smallestOccluder: 5
    smallestHole: 0.25
    backfaceThreshold: 100
  m_SceneGUID: 00000000000000000000000000000000
  m_OcclusionCullingData: {fileID: 0}
--- !u!104 &2
RenderSettings:
  m_ObjectHideFlags: 0
  serializedVersion: 9
  m_Fog: 0
  m_FogColor: {r: 0.5, g: 0.5, b: 0.5, a: 1}
  m_FogMode: 3
  m_FogDensity: 0.01
  m_LinearFogStart: 0
  m_LinearFogEnd: 300
  m_AmbientSkyColor: {r: 0.212, g: 0.227, b: 0.259, a: 1}
  m_AmbientEquatorColor: {r: 0.114, g: 0.125, b: 0.133, a: 1}
  m_AmbientGroundColor: {r: 0.047, g: 0.043, b: 0.035, a: 1}
  m_AmbientIntensity: 1
  m_AmbientMode: 0
  m_SubtractiveShadowColor: {r: 0.42, g: 0.478, b: 0.627, a: 1}
  m_SkyboxMaterial: {fileID: 10304, guid: 0000000000000000f000000000000000, type: 0}
  m_HaloStrength: 0.5
  m_FlareStrength: 1
  m_FlareFadeSpeed: 3
  m_HaloTexture: {fileID: 0}
  m_SpotCookie: {fileID: 10001, guid: 0000000000000000e000000000000000, type: 0}
  m_DefaultReflectionMode: 0
  m_DefaultReflectionResolution: 128
  m_ReflectionBounces: 1
  m_ReflectionIntensity: 1
  m_CustomReflection: {fileID: 0}
  m_Sun: {fileID: 0}
  m_IndirectSpecularColor: {r: 0.45127726, g: 0.5009555, b: 0.57333416, a: 1}
  m_UseRadianceAmbientProbe: 0
--- !u!157 &3
LightmapSettings:
  m_ObjectHideFlags: 0
  serializedVersion: 11
  m_GIWorkflowMode: 0
  m_GISettings:
    serializedVersion: 2
    m_BounceScale: 1
    m_IndirectOutputScale: 1
    m_AlbedoBoost: 1
    m_EnvironmentLightingMode: 0
    m_EnableBakedLightmaps: 1
    m_EnableRealtimeLightmaps: 0
  m_LightmapEditorSettings:
    serializedVersion: 10
    m_Resolution: 2
    m_BakeResolution: 10
    m_AtlasSize: 512
    m_AO: 0
    m_AOMaxDistance: 1
    m_CompAOExponent: 1
    m_CompAOExponentDirect: 0
    m_Padding: 2
    m_LightmapParameters: {fileID: 0}
    m_LightmapsBakeMode: 1
    m_TextureCompression: 1
    m_FinalGather: 0
    m_FinalGatherFiltering: 1
    m_FinalGatherRayCount: 256
    m_ReflectionCompression: 2
    m_MixedBakeMode: 2
    m_BakeBackend: 1
    m_PVRSampling: 1
    m_PVRDirectSampleCount: 32
    m_PVRSampleCount: 256
    m_PVRBounces: 2
    m_PVRFilterTypeDirect: 0
    m_PVRFilterTypeIndirect: 0
    m_PVRFilterTypeAO: 0
    m_PVRFilteringMode: 1
    m_PVRCulling: 1
    m_PVRFilteringGaussRadiusDirect: 1
    m_PVRFilteringGaussRadiusIndirect: 5
    m_PVRFilteringGaussRadiusAO: 2
    m_PVRFilteringAtrousPositionSigmaDirect: 0.5
    m_PVRFilteringAtrousPositionSigmaIndirect: 2
    m_PVRFilteringAtrousPositionSigmaAO: 1
    m_ShowResolutionOverlay: 1
  m_LightingDataAsset: {fileID: 0}
  m_UseShadowmask: 1
--- !u!196 &4
NavMeshSettings:
  serializedVersion: 2
  m_ObjectHideFlags: 0
  m_BuildSettings:
    serializedVersion: 2
    agentTypeID: 0
    agentRadius: 0.5
    agentHeight: 2
    agentSlope: 45
    agentClimb: 0.4
    ledgeDropHeight: 0
    maxJumpAcrossDistance: 0
    minRegionArea: 2
    manualCellSize: 0
    cellSize: 0.16666667
    manualTileSize: 0
    tileSize: 256
    accuratePlacement: 0
    debug:
      m_Flags: 0
  m_NavMeshData: {fileID: 0}
--- !u!1001 &33195829
PrefabInstance:
  m_ObjectHideFlags: 0
  serializedVersion: 2
  m_Modification:
    m_TransformParent: {fileID: 1474897888}
    m_Modifications:
    - target: {fileID: 3130418908647309128, guid: eb52b95eae8a504478bd774c4ab81fea,
        type: 3}
      propertyPath: m_Name
      value: Lamp (2)
      objectReference: {fileID: 0}
    - target: {fileID: 7178612906063152676, guid: eb52b95eae8a504478bd774c4ab81fea,
        type: 3}
      propertyPath: m_LocalPosition.x
      value: 2.9260762
      objectReference: {fileID: 0}
    - target: {fileID: 7178612906063152676, guid: eb52b95eae8a504478bd774c4ab81fea,
        type: 3}
      propertyPath: m_LocalPosition.y
      value: -1.6245407
      objectReference: {fileID: 0}
    - target: {fileID: 7178612906063152676, guid: eb52b95eae8a504478bd774c4ab81fea,
        type: 3}
      propertyPath: m_LocalPosition.z
      value: 2.9426086
      objectReference: {fileID: 0}
    - target: {fileID: 7178612906063152676, guid: eb52b95eae8a504478bd774c4ab81fea,
        type: 3}
      propertyPath: m_LocalRotation.x
      value: -0
      objectReference: {fileID: 0}
    - target: {fileID: 7178612906063152676, guid: eb52b95eae8a504478bd774c4ab81fea,
        type: 3}
      propertyPath: m_LocalRotation.y
      value: -0
      objectReference: {fileID: 0}
    - target: {fileID: 7178612906063152676, guid: eb52b95eae8a504478bd774c4ab81fea,
        type: 3}
      propertyPath: m_LocalRotation.z
      value: -0
      objectReference: {fileID: 0}
    - target: {fileID: 7178612906063152676, guid: eb52b95eae8a504478bd774c4ab81fea,
        type: 3}
      propertyPath: m_LocalRotation.w
      value: 1
      objectReference: {fileID: 0}
    - target: {fileID: 7178612906063152676, guid: eb52b95eae8a504478bd774c4ab81fea,
        type: 3}
      propertyPath: m_RootOrder
      value: 2
      objectReference: {fileID: 0}
    - target: {fileID: 7178612906063152676, guid: eb52b95eae8a504478bd774c4ab81fea,
        type: 3}
      propertyPath: m_LocalEulerAnglesHint.x
      value: 0
      objectReference: {fileID: 0}
    - target: {fileID: 7178612906063152676, guid: eb52b95eae8a504478bd774c4ab81fea,
        type: 3}
      propertyPath: m_LocalEulerAnglesHint.y
      value: 0
      objectReference: {fileID: 0}
    - target: {fileID: 7178612906063152676, guid: eb52b95eae8a504478bd774c4ab81fea,
        type: 3}
      propertyPath: m_LocalEulerAnglesHint.z
      value: 0
      objectReference: {fileID: 0}
    m_RemovedComponents: []
  m_SourcePrefab: {fileID: 100100000, guid: eb52b95eae8a504478bd774c4ab81fea, type: 3}
--- !u!4 &33195830 stripped
Transform:
  m_CorrespondingSourceObject: {fileID: 7178612906063152676, guid: eb52b95eae8a504478bd774c4ab81fea,
    type: 3}
  m_PrefabInstance: {fileID: 33195829}
  m_PrefabAsset: {fileID: 0}
--- !u!1001 &37718564
PrefabInstance:
  m_ObjectHideFlags: 0
  serializedVersion: 2
  m_Modification:
    m_TransformParent: {fileID: 1252295142}
    m_Modifications:
    - target: {fileID: 3629863036966721457, guid: 59c88568733df324ebe2a37f6018c667,
        type: 3}
      propertyPath: m_Name
      value: Building1 (3)
      objectReference: {fileID: 0}
    - target: {fileID: 2768758290714567074, guid: 59c88568733df324ebe2a37f6018c667,
        type: 3}
      propertyPath: m_LocalPosition.x
      value: 7.546076
      objectReference: {fileID: 0}
    - target: {fileID: 2768758290714567074, guid: 59c88568733df324ebe2a37f6018c667,
        type: 3}
      propertyPath: m_LocalPosition.y
      value: -1.7845407
      objectReference: {fileID: 0}
    - target: {fileID: 2768758290714567074, guid: 59c88568733df324ebe2a37f6018c667,
        type: 3}
      propertyPath: m_LocalPosition.z
      value: 11.262609
      objectReference: {fileID: 0}
    - target: {fileID: 2768758290714567074, guid: 59c88568733df324ebe2a37f6018c667,
        type: 3}
      propertyPath: m_LocalRotation.x
      value: -0
      objectReference: {fileID: 0}
    - target: {fileID: 2768758290714567074, guid: 59c88568733df324ebe2a37f6018c667,
        type: 3}
      propertyPath: m_LocalRotation.y
      value: 1
      objectReference: {fileID: 0}
    - target: {fileID: 2768758290714567074, guid: 59c88568733df324ebe2a37f6018c667,
        type: 3}
      propertyPath: m_LocalRotation.z
      value: -0
      objectReference: {fileID: 0}
    - target: {fileID: 2768758290714567074, guid: 59c88568733df324ebe2a37f6018c667,
        type: 3}
      propertyPath: m_LocalRotation.w
      value: 0
      objectReference: {fileID: 0}
    - target: {fileID: 2768758290714567074, guid: 59c88568733df324ebe2a37f6018c667,
        type: 3}
      propertyPath: m_RootOrder
      value: 3
      objectReference: {fileID: 0}
    - target: {fileID: 2768758290714567074, guid: 59c88568733df324ebe2a37f6018c667,
        type: 3}
      propertyPath: m_LocalEulerAnglesHint.x
      value: 0
      objectReference: {fileID: 0}
    - target: {fileID: 2768758290714567074, guid: 59c88568733df324ebe2a37f6018c667,
        type: 3}
      propertyPath: m_LocalEulerAnglesHint.y
      value: 180
      objectReference: {fileID: 0}
    - target: {fileID: 2768758290714567074, guid: 59c88568733df324ebe2a37f6018c667,
        type: 3}
      propertyPath: m_LocalEulerAnglesHint.z
      value: 0
      objectReference: {fileID: 0}
    m_RemovedComponents: []
  m_SourcePrefab: {fileID: 100100000, guid: 59c88568733df324ebe2a37f6018c667, type: 3}
--- !u!4 &37718565 stripped
Transform:
  m_CorrespondingSourceObject: {fileID: 2768758290714567074, guid: 59c88568733df324ebe2a37f6018c667,
    type: 3}
  m_PrefabInstance: {fileID: 37718564}
  m_PrefabAsset: {fileID: 0}
--- !u!1 &91267545
GameObject:
  m_ObjectHideFlags: 0
  m_CorrespondingSourceObject: {fileID: 0}
  m_PrefabInstance: {fileID: 0}
  m_PrefabAsset: {fileID: 0}
  serializedVersion: 6
  m_Component:
  - component: {fileID: 91267546}
  - component: {fileID: 91267547}
  m_Layer: 0
  m_Name: Lamp_Light (5)
  m_TagString: Untagged
  m_Icon: {fileID: 0}
  m_NavMeshLayer: 0
  m_StaticEditorFlags: 0
  m_IsActive: 1
--- !u!4 &91267546
Transform:
  m_ObjectHideFlags: 0
  m_CorrespondingSourceObject: {fileID: 0}
  m_PrefabInstance: {fileID: 0}
  m_PrefabAsset: {fileID: 0}
  m_GameObject: {fileID: 91267545}
  m_LocalRotation: {x: -0, y: -0, z: -0, w: 1}
  m_LocalPosition: {x: 0.58043575, y: 4.805061, z: 9.556597}
  m_LocalScale: {x: 1, y: 1, z: 1}
  m_Children: []
  m_Father: {fileID: 586113182}
  m_RootOrder: 5
  m_LocalEulerAnglesHint: {x: 0, y: 0, z: 0}
--- !u!108 &91267547
Light:
  m_ObjectHideFlags: 0
  m_CorrespondingSourceObject: {fileID: 0}
  m_PrefabInstance: {fileID: 0}
  m_PrefabAsset: {fileID: 0}
  m_GameObject: {fileID: 91267545}
  m_Enabled: 1
  serializedVersion: 8
  m_Type: 2
  m_Color: {r: 0.86322296, g: 0.8679245, b: 0.38074043, a: 1}
  m_Intensity: 1.88
  m_Range: 10
  m_SpotAngle: 30
  m_CookieSize: 10
  m_Shadows:
    m_Type: 0
    m_Resolution: -1
    m_CustomResolution: -1
    m_Strength: 1
    m_Bias: 0.05
    m_NormalBias: 0.4
    m_NearPlane: 0.2
  m_Cookie: {fileID: 0}
  m_DrawHalo: 0
  m_Flare: {fileID: 0}
  m_RenderMode: 0
  m_CullingMask:
    serializedVersion: 2
    m_Bits: 4294967295
  m_Lightmapping: 4
  m_LightShadowCasterMode: 0
  m_AreaSize: {x: 1, y: 1}
  m_BounceIntensity: 1
  m_ColorTemperature: 6570
  m_UseColorTemperature: 0
  m_ShadowRadius: 0
  m_ShadowAngle: 0
--- !u!1 &156540720
GameObject:
  m_ObjectHideFlags: 0
  m_CorrespondingSourceObject: {fileID: 0}
  m_PrefabInstance: {fileID: 0}
  m_PrefabAsset: {fileID: 0}
  serializedVersion: 6
  m_Component:
  - component: {fileID: 156540721}
  - component: {fileID: 156540722}
  m_Layer: 0
  m_Name: Lamp_Light
  m_TagString: Untagged
  m_Icon: {fileID: 0}
  m_NavMeshLayer: 0
  m_StaticEditorFlags: 0
  m_IsActive: 1
--- !u!4 &156540721
Transform:
  m_ObjectHideFlags: 0
  m_CorrespondingSourceObject: {fileID: 0}
  m_PrefabInstance: {fileID: 0}
  m_PrefabAsset: {fileID: 0}
  m_GameObject: {fileID: 156540720}
  m_LocalRotation: {x: -0, y: -0, z: -0, w: 1}
  m_LocalPosition: {x: -9.503565, y: 4.805061, z: -7.782404}
  m_LocalScale: {x: 1, y: 1, z: 1}
  m_Children: []
  m_Father: {fileID: 586113182}
  m_RootOrder: 0
  m_LocalEulerAnglesHint: {x: 0, y: 0, z: 0}
--- !u!108 &156540722
Light:
  m_ObjectHideFlags: 0
  m_CorrespondingSourceObject: {fileID: 0}
  m_PrefabInstance: {fileID: 0}
  m_PrefabAsset: {fileID: 0}
  m_GameObject: {fileID: 156540720}
  m_Enabled: 1
  serializedVersion: 8
  m_Type: 2
  m_Color: {r: 0.86322296, g: 0.8679245, b: 0.38074043, a: 1}
  m_Intensity: 1.88
  m_Range: 10
  m_SpotAngle: 30
  m_CookieSize: 10
  m_Shadows:
    m_Type: 0
    m_Resolution: -1
    m_CustomResolution: -1
    m_Strength: 1
    m_Bias: 0.05
    m_NormalBias: 0.4
    m_NearPlane: 0.2
  m_Cookie: {fileID: 0}
  m_DrawHalo: 0
  m_Flare: {fileID: 0}
  m_RenderMode: 0
  m_CullingMask:
    serializedVersion: 2
    m_Bits: 4294967295
  m_Lightmapping: 4
  m_LightShadowCasterMode: 0
  m_AreaSize: {x: 1, y: 1}
  m_BounceIntensity: 1
  m_ColorTemperature: 6570
  m_UseColorTemperature: 0
  m_ShadowRadius: 0
  m_ShadowAngle: 0
--- !u!1001 &161981841
PrefabInstance:
  m_ObjectHideFlags: 0
  serializedVersion: 2
  m_Modification:
    m_TransformParent: {fileID: 1474897888}
    m_Modifications:
    - target: {fileID: 3130418908647309128, guid: eb52b95eae8a504478bd774c4ab81fea,
        type: 3}
      propertyPath: m_Name
      value: Lamp
      objectReference: {fileID: 0}
    - target: {fileID: 7178612906063152676, guid: eb52b95eae8a504478bd774c4ab81fea,
        type: 3}
      propertyPath: m_LocalPosition.x
      value: -7.163924
      objectReference: {fileID: 0}
    - target: {fileID: 7178612906063152676, guid: eb52b95eae8a504478bd774c4ab81fea,
        type: 3}
      propertyPath: m_LocalPosition.y
      value: -1.6245407
      objectReference: {fileID: 0}
    - target: {fileID: 7178612906063152676, guid: eb52b95eae8a504478bd774c4ab81fea,
        type: 3}
      propertyPath: m_LocalPosition.z
      value: -6.0673914
      objectReference: {fileID: 0}
    - target: {fileID: 7178612906063152676, guid: eb52b95eae8a504478bd774c4ab81fea,
        type: 3}
      propertyPath: m_LocalRotation.x
      value: -0
      objectReference: {fileID: 0}
    - target: {fileID: 7178612906063152676, guid: eb52b95eae8a504478bd774c4ab81fea,
        type: 3}
      propertyPath: m_LocalRotation.y
      value: -0
      objectReference: {fileID: 0}
    - target: {fileID: 7178612906063152676, guid: eb52b95eae8a504478bd774c4ab81fea,
        type: 3}
      propertyPath: m_LocalRotation.z
      value: -0
      objectReference: {fileID: 0}
    - target: {fileID: 7178612906063152676, guid: eb52b95eae8a504478bd774c4ab81fea,
        type: 3}
      propertyPath: m_LocalRotation.w
      value: 1
      objectReference: {fileID: 0}
    - target: {fileID: 7178612906063152676, guid: eb52b95eae8a504478bd774c4ab81fea,
        type: 3}
      propertyPath: m_RootOrder
      value: 0
      objectReference: {fileID: 0}
    - target: {fileID: 7178612906063152676, guid: eb52b95eae8a504478bd774c4ab81fea,
        type: 3}
      propertyPath: m_LocalEulerAnglesHint.x
      value: 0
      objectReference: {fileID: 0}
    - target: {fileID: 7178612906063152676, guid: eb52b95eae8a504478bd774c4ab81fea,
        type: 3}
      propertyPath: m_LocalEulerAnglesHint.y
      value: 0
      objectReference: {fileID: 0}
    - target: {fileID: 7178612906063152676, guid: eb52b95eae8a504478bd774c4ab81fea,
        type: 3}
      propertyPath: m_LocalEulerAnglesHint.z
      value: 0
      objectReference: {fileID: 0}
    m_RemovedComponents: []
  m_SourcePrefab: {fileID: 100100000, guid: eb52b95eae8a504478bd774c4ab81fea, type: 3}
--- !u!4 &161981842 stripped
Transform:
  m_CorrespondingSourceObject: {fileID: 7178612906063152676, guid: eb52b95eae8a504478bd774c4ab81fea,
    type: 3}
  m_PrefabInstance: {fileID: 161981841}
  m_PrefabAsset: {fileID: 0}
--- !u!1001 &216866062
PrefabInstance:
  m_ObjectHideFlags: 0
  serializedVersion: 2
  m_Modification:
    m_TransformParent: {fileID: 1300441062}
    m_Modifications:
    - target: {fileID: 4520444282643147517, guid: 05893da1b3bc81241b802cf4601b5998,
        type: 3}
      propertyPath: m_Name
      value: Tree (7)
      objectReference: {fileID: 0}
    - target: {fileID: 1932317065895170424, guid: 05893da1b3bc81241b802cf4601b5998,
        type: 3}
      propertyPath: m_LocalPosition.x
      value: -7.203924
      objectReference: {fileID: 0}
    - target: {fileID: 1932317065895170424, guid: 05893da1b3bc81241b802cf4601b5998,
        type: 3}
      propertyPath: m_LocalPosition.y
      value: -1.7045406
      objectReference: {fileID: 0}
    - target: {fileID: 1932317065895170424, guid: 05893da1b3bc81241b802cf4601b5998,
        type: 3}
      propertyPath: m_LocalPosition.z
      value: 14.482609
      objectReference: {fileID: 0}
    - target: {fileID: 1932317065895170424, guid: 05893da1b3bc81241b802cf4601b5998,
        type: 3}
      propertyPath: m_LocalRotation.x
      value: -0
      objectReference: {fileID: 0}
    - target: {fileID: 1932317065895170424, guid: 05893da1b3bc81241b802cf4601b5998,
        type: 3}
      propertyPath: m_LocalRotation.y
      value: -0
      objectReference: {fileID: 0}
    - target: {fileID: 1932317065895170424, guid: 05893da1b3bc81241b802cf4601b5998,
        type: 3}
      propertyPath: m_LocalRotation.z
      value: -0
      objectReference: {fileID: 0}
    - target: {fileID: 1932317065895170424, guid: 05893da1b3bc81241b802cf4601b5998,
        type: 3}
      propertyPath: m_LocalRotation.w
      value: 1
      objectReference: {fileID: 0}
    - target: {fileID: 1932317065895170424, guid: 05893da1b3bc81241b802cf4601b5998,
        type: 3}
      propertyPath: m_RootOrder
      value: 7
      objectReference: {fileID: 0}
    - target: {fileID: 1932317065895170424, guid: 05893da1b3bc81241b802cf4601b5998,
        type: 3}
      propertyPath: m_LocalEulerAnglesHint.x
      value: 0
      objectReference: {fileID: 0}
    - target: {fileID: 1932317065895170424, guid: 05893da1b3bc81241b802cf4601b5998,
        type: 3}
      propertyPath: m_LocalEulerAnglesHint.y
      value: 0
      objectReference: {fileID: 0}
    - target: {fileID: 1932317065895170424, guid: 05893da1b3bc81241b802cf4601b5998,
        type: 3}
      propertyPath: m_LocalEulerAnglesHint.z
      value: 0
      objectReference: {fileID: 0}
    m_RemovedComponents: []
  m_SourcePrefab: {fileID: 100100000, guid: 05893da1b3bc81241b802cf4601b5998, type: 3}
--- !u!4 &216866063 stripped
Transform:
  m_CorrespondingSourceObject: {fileID: 1932317065895170424, guid: 05893da1b3bc81241b802cf4601b5998,
    type: 3}
  m_PrefabInstance: {fileID: 216866062}
  m_PrefabAsset: {fileID: 0}
--- !u!1 &219561818
GameObject:
  m_ObjectHideFlags: 0
  m_CorrespondingSourceObject: {fileID: 0}
  m_PrefabInstance: {fileID: 0}
  m_PrefabAsset: {fileID: 0}
  serializedVersion: 6
  m_Component:
  - component: {fileID: 219561819}
  - component: {fileID: 219561820}
  m_Layer: 0
  m_Name: Lamp_Light (1)
  m_TagString: Untagged
  m_Icon: {fileID: 0}
  m_NavMeshLayer: 0
  m_StaticEditorFlags: 0
  m_IsActive: 1
--- !u!4 &219561819
Transform:
  m_ObjectHideFlags: 0
  m_CorrespondingSourceObject: {fileID: 0}
  m_PrefabInstance: {fileID: 0}
  m_PrefabAsset: {fileID: 0}
  m_GameObject: {fileID: 219561818}
  m_LocalRotation: {x: -0, y: -0, z: -0, w: 1}
  m_LocalPosition: {x: 0.58043575, y: 4.805061, z: -7.782404}
  m_LocalScale: {x: 1, y: 1, z: 1}
  m_Children: []
  m_Father: {fileID: 586113182}
  m_RootOrder: 1
  m_LocalEulerAnglesHint: {x: 0, y: 0, z: 0}
--- !u!108 &219561820
Light:
  m_ObjectHideFlags: 0
  m_CorrespondingSourceObject: {fileID: 0}
  m_PrefabInstance: {fileID: 0}
  m_PrefabAsset: {fileID: 0}
  m_GameObject: {fileID: 219561818}
  m_Enabled: 1
  serializedVersion: 8
  m_Type: 2
  m_Color: {r: 0.86322296, g: 0.8679245, b: 0.38074043, a: 1}
  m_Intensity: 1.88
  m_Range: 10
  m_SpotAngle: 30
  m_CookieSize: 10
  m_Shadows:
    m_Type: 0
    m_Resolution: -1
    m_CustomResolution: -1
    m_Strength: 1
    m_Bias: 0.05
    m_NormalBias: 0.4
    m_NearPlane: 0.2
  m_Cookie: {fileID: 0}
  m_DrawHalo: 0
  m_Flare: {fileID: 0}
  m_RenderMode: 0
  m_CullingMask:
    serializedVersion: 2
    m_Bits: 4294967295
  m_Lightmapping: 4
  m_LightShadowCasterMode: 0
  m_AreaSize: {x: 1, y: 1}
  m_BounceIntensity: 1
  m_ColorTemperature: 6570
  m_UseColorTemperature: 0
  m_ShadowRadius: 0
  m_ShadowAngle: 0
--- !u!1001 &299279775
PrefabInstance:
  m_ObjectHideFlags: 0
  serializedVersion: 2
  m_Modification:
    m_TransformParent: {fileID: 1300441062}
    m_Modifications:
    - target: {fileID: 4520444282643147517, guid: 05893da1b3bc81241b802cf4601b5998,
        type: 3}
      propertyPath: m_Name
      value: Tree (3)
      objectReference: {fileID: 0}
    - target: {fileID: 1932317065895170424, guid: 05893da1b3bc81241b802cf4601b5998,
        type: 3}
      propertyPath: m_LocalPosition.x
      value: -7.203924
      objectReference: {fileID: 0}
    - target: {fileID: 1932317065895170424, guid: 05893da1b3bc81241b802cf4601b5998,
        type: 3}
      propertyPath: m_LocalPosition.y
      value: -1.7045406
      objectReference: {fileID: 0}
    - target: {fileID: 1932317065895170424, guid: 05893da1b3bc81241b802cf4601b5998,
        type: 3}
      propertyPath: m_LocalPosition.z
      value: -1.0973914
      objectReference: {fileID: 0}
    - target: {fileID: 1932317065895170424, guid: 05893da1b3bc81241b802cf4601b5998,
        type: 3}
      propertyPath: m_LocalRotation.x
      value: -0
      objectReference: {fileID: 0}
    - target: {fileID: 1932317065895170424, guid: 05893da1b3bc81241b802cf4601b5998,
        type: 3}
      propertyPath: m_LocalRotation.y
      value: -0
      objectReference: {fileID: 0}
    - target: {fileID: 1932317065895170424, guid: 05893da1b3bc81241b802cf4601b5998,
        type: 3}
      propertyPath: m_LocalRotation.z
      value: -0
      objectReference: {fileID: 0}
    - target: {fileID: 1932317065895170424, guid: 05893da1b3bc81241b802cf4601b5998,
        type: 3}
      propertyPath: m_LocalRotation.w
      value: 1
      objectReference: {fileID: 0}
    - target: {fileID: 1932317065895170424, guid: 05893da1b3bc81241b802cf4601b5998,
        type: 3}
      propertyPath: m_RootOrder
      value: 3
      objectReference: {fileID: 0}
    - target: {fileID: 1932317065895170424, guid: 05893da1b3bc81241b802cf4601b5998,
        type: 3}
      propertyPath: m_LocalEulerAnglesHint.x
      value: 0
      objectReference: {fileID: 0}
    - target: {fileID: 1932317065895170424, guid: 05893da1b3bc81241b802cf4601b5998,
        type: 3}
      propertyPath: m_LocalEulerAnglesHint.y
      value: 0
      objectReference: {fileID: 0}
    - target: {fileID: 1932317065895170424, guid: 05893da1b3bc81241b802cf4601b5998,
        type: 3}
      propertyPath: m_LocalEulerAnglesHint.z
      value: 0
      objectReference: {fileID: 0}
    m_RemovedComponents: []
  m_SourcePrefab: {fileID: 100100000, guid: 05893da1b3bc81241b802cf4601b5998, type: 3}
--- !u!4 &299279776 stripped
Transform:
  m_CorrespondingSourceObject: {fileID: 1932317065895170424, guid: 05893da1b3bc81241b802cf4601b5998,
    type: 3}
  m_PrefabInstance: {fileID: 299279775}
  m_PrefabAsset: {fileID: 0}
--- !u!1 &317334170
GameObject:
  m_ObjectHideFlags: 0
  m_CorrespondingSourceObject: {fileID: 0}
  m_PrefabInstance: {fileID: 0}
  m_PrefabAsset: {fileID: 0}
  serializedVersion: 6
  m_Component:
  - component: {fileID: 317334171}
  - component: {fileID: 317334172}
  m_Layer: 0
  m_Name: Lamp_Light (3)
  m_TagString: Untagged
  m_Icon: {fileID: 0}
  m_NavMeshLayer: 0
  m_StaticEditorFlags: 0
  m_IsActive: 1
--- !u!4 &317334171
Transform:
  m_ObjectHideFlags: 0
  m_CorrespondingSourceObject: {fileID: 0}
  m_PrefabInstance: {fileID: 0}
  m_PrefabAsset: {fileID: 0}
  m_GameObject: {fileID: 317334170}
  m_LocalRotation: {x: -0, y: -0, z: -0, w: 1}
  m_LocalPosition: {x: 0.58043575, y: 4.805061, z: 1.2465966}
  m_LocalScale: {x: 1, y: 1, z: 1}
  m_Children: []
  m_Father: {fileID: 586113182}
  m_RootOrder: 3
  m_LocalEulerAnglesHint: {x: 0, y: 0, z: 0}
--- !u!108 &317334172
Light:
  m_ObjectHideFlags: 0
  m_CorrespondingSourceObject: {fileID: 0}
  m_PrefabInstance: {fileID: 0}
  m_PrefabAsset: {fileID: 0}
  m_GameObject: {fileID: 317334170}
  m_Enabled: 1
  serializedVersion: 8
  m_Type: 2
  m_Color: {r: 0.86322296, g: 0.8679245, b: 0.38074043, a: 1}
  m_Intensity: 1.88
  m_Range: 10
  m_SpotAngle: 30
  m_CookieSize: 10
  m_Shadows:
    m_Type: 0
    m_Resolution: -1
    m_CustomResolution: -1
    m_Strength: 1
    m_Bias: 0.05
    m_NormalBias: 0.4
    m_NearPlane: 0.2
  m_Cookie: {fileID: 0}
  m_DrawHalo: 0
  m_Flare: {fileID: 0}
  m_RenderMode: 0
  m_CullingMask:
    serializedVersion: 2
    m_Bits: 4294967295
  m_Lightmapping: 4
  m_LightShadowCasterMode: 0
  m_AreaSize: {x: 1, y: 1}
  m_BounceIntensity: 1
  m_ColorTemperature: 6570
  m_UseColorTemperature: 0
  m_ShadowRadius: 0
  m_ShadowAngle: 0
--- !u!1001 &366241436
PrefabInstance:
  m_ObjectHideFlags: 0
  serializedVersion: 2
  m_Modification:
    m_TransformParent: {fileID: 1474897888}
    m_Modifications:
    - target: {fileID: 3130418908647309128, guid: eb52b95eae8a504478bd774c4ab81fea,
        type: 3}
      propertyPath: m_Name
      value: Lamp (3)
      objectReference: {fileID: 0}
    - target: {fileID: 7178612906063152676, guid: eb52b95eae8a504478bd774c4ab81fea,
        type: 3}
      propertyPath: m_LocalPosition.x
      value: -7.163924
      objectReference: {fileID: 0}
    - target: {fileID: 7178612906063152676, guid: eb52b95eae8a504478bd774c4ab81fea,
        type: 3}
      propertyPath: m_LocalPosition.y
      value: -1.6245407
      objectReference: {fileID: 0}
    - target: {fileID: 7178612906063152676, guid: eb52b95eae8a504478bd774c4ab81fea,
        type: 3}
      propertyPath: m_LocalPosition.z
      value: 2.9426084
      objectReference: {fileID: 0}
    - target: {fileID: 7178612906063152676, guid: eb52b95eae8a504478bd774c4ab81fea,
        type: 3}
      propertyPath: m_LocalRotation.x
      value: -0
      objectReference: {fileID: 0}
    - target: {fileID: 7178612906063152676, guid: eb52b95eae8a504478bd774c4ab81fea,
        type: 3}
      propertyPath: m_LocalRotation.y
      value: -0
      objectReference: {fileID: 0}
    - target: {fileID: 7178612906063152676, guid: eb52b95eae8a504478bd774c4ab81fea,
        type: 3}
      propertyPath: m_LocalRotation.z
      value: -0
      objectReference: {fileID: 0}
    - target: {fileID: 7178612906063152676, guid: eb52b95eae8a504478bd774c4ab81fea,
        type: 3}
      propertyPath: m_LocalRotation.w
      value: 1
      objectReference: {fileID: 0}
    - target: {fileID: 7178612906063152676, guid: eb52b95eae8a504478bd774c4ab81fea,
        type: 3}
      propertyPath: m_RootOrder
      value: 3
      objectReference: {fileID: 0}
    - target: {fileID: 7178612906063152676, guid: eb52b95eae8a504478bd774c4ab81fea,
        type: 3}
      propertyPath: m_LocalEulerAnglesHint.x
      value: 0
      objectReference: {fileID: 0}
    - target: {fileID: 7178612906063152676, guid: eb52b95eae8a504478bd774c4ab81fea,
        type: 3}
      propertyPath: m_LocalEulerAnglesHint.y
      value: 0
      objectReference: {fileID: 0}
    - target: {fileID: 7178612906063152676, guid: eb52b95eae8a504478bd774c4ab81fea,
        type: 3}
      propertyPath: m_LocalEulerAnglesHint.z
      value: 0
      objectReference: {fileID: 0}
    m_RemovedComponents: []
  m_SourcePrefab: {fileID: 100100000, guid: eb52b95eae8a504478bd774c4ab81fea, type: 3}
--- !u!4 &366241437 stripped
Transform:
  m_CorrespondingSourceObject: {fileID: 7178612906063152676, guid: eb52b95eae8a504478bd774c4ab81fea,
    type: 3}
  m_PrefabInstance: {fileID: 366241436}
  m_PrefabAsset: {fileID: 0}
--- !u!1001 &393481581
PrefabInstance:
  m_ObjectHideFlags: 0
  serializedVersion: 2
  m_Modification:
    m_TransformParent: {fileID: 1300441062}
    m_Modifications:
    - target: {fileID: 4520444282643147517, guid: 05893da1b3bc81241b802cf4601b5998,
        type: 3}
      propertyPath: m_Name
      value: Tree (1)
      objectReference: {fileID: 0}
    - target: {fileID: 1932317065895170424, guid: 05893da1b3bc81241b802cf4601b5998,
        type: 3}
      propertyPath: m_LocalPosition.x
      value: 2.726076
      objectReference: {fileID: 0}
    - target: {fileID: 1932317065895170424, guid: 05893da1b3bc81241b802cf4601b5998,
        type: 3}
      propertyPath: m_LocalPosition.y
      value: -1.7045406
      objectReference: {fileID: 0}
    - target: {fileID: 1932317065895170424, guid: 05893da1b3bc81241b802cf4601b5998,
        type: 3}
      propertyPath: m_LocalPosition.z
      value: -10.707392
      objectReference: {fileID: 0}
    - target: {fileID: 1932317065895170424, guid: 05893da1b3bc81241b802cf4601b5998,
        type: 3}
      propertyPath: m_LocalRotation.x
      value: -0
      objectReference: {fileID: 0}
    - target: {fileID: 1932317065895170424, guid: 05893da1b3bc81241b802cf4601b5998,
        type: 3}
      propertyPath: m_LocalRotation.y
      value: -0
      objectReference: {fileID: 0}
    - target: {fileID: 1932317065895170424, guid: 05893da1b3bc81241b802cf4601b5998,
        type: 3}
      propertyPath: m_LocalRotation.z
      value: -0
      objectReference: {fileID: 0}
    - target: {fileID: 1932317065895170424, guid: 05893da1b3bc81241b802cf4601b5998,
        type: 3}
      propertyPath: m_LocalRotation.w
      value: 1
      objectReference: {fileID: 0}
    - target: {fileID: 1932317065895170424, guid: 05893da1b3bc81241b802cf4601b5998,
        type: 3}
      propertyPath: m_RootOrder
      value: 1
      objectReference: {fileID: 0}
    - target: {fileID: 1932317065895170424, guid: 05893da1b3bc81241b802cf4601b5998,
        type: 3}
      propertyPath: m_LocalEulerAnglesHint.x
      value: 0
      objectReference: {fileID: 0}
    - target: {fileID: 1932317065895170424, guid: 05893da1b3bc81241b802cf4601b5998,
        type: 3}
      propertyPath: m_LocalEulerAnglesHint.y
      value: 0
      objectReference: {fileID: 0}
    - target: {fileID: 1932317065895170424, guid: 05893da1b3bc81241b802cf4601b5998,
        type: 3}
      propertyPath: m_LocalEulerAnglesHint.z
      value: 0
      objectReference: {fileID: 0}
    m_RemovedComponents: []
  m_SourcePrefab: {fileID: 100100000, guid: 05893da1b3bc81241b802cf4601b5998, type: 3}
--- !u!4 &393481582 stripped
Transform:
  m_CorrespondingSourceObject: {fileID: 1932317065895170424, guid: 05893da1b3bc81241b802cf4601b5998,
    type: 3}
  m_PrefabInstance: {fileID: 393481581}
  m_PrefabAsset: {fileID: 0}
--- !u!1001 &520589673
PrefabInstance:
  m_ObjectHideFlags: 0
  serializedVersion: 2
  m_Modification:
    m_TransformParent: {fileID: 1474897888}
    m_Modifications:
    - target: {fileID: 3130418908647309128, guid: eb52b95eae8a504478bd774c4ab81fea,
        type: 3}
      propertyPath: m_Name
      value: Lamp (1)
      objectReference: {fileID: 0}
    - target: {fileID: 7178612906063152676, guid: eb52b95eae8a504478bd774c4ab81fea,
        type: 3}
      propertyPath: m_LocalPosition.x
      value: 2.9260762
      objectReference: {fileID: 0}
    - target: {fileID: 7178612906063152676, guid: eb52b95eae8a504478bd774c4ab81fea,
        type: 3}
      propertyPath: m_LocalPosition.y
      value: -1.6245407
      objectReference: {fileID: 0}
    - target: {fileID: 7178612906063152676, guid: eb52b95eae8a504478bd774c4ab81fea,
        type: 3}
      propertyPath: m_LocalPosition.z
      value: -6.0673914
      objectReference: {fileID: 0}
    - target: {fileID: 7178612906063152676, guid: eb52b95eae8a504478bd774c4ab81fea,
        type: 3}
      propertyPath: m_LocalRotation.x
      value: -0
      objectReference: {fileID: 0}
    - target: {fileID: 7178612906063152676, guid: eb52b95eae8a504478bd774c4ab81fea,
        type: 3}
      propertyPath: m_LocalRotation.y
      value: -0
      objectReference: {fileID: 0}
    - target: {fileID: 7178612906063152676, guid: eb52b95eae8a504478bd774c4ab81fea,
        type: 3}
      propertyPath: m_LocalRotation.z
      value: -0
      objectReference: {fileID: 0}
    - target: {fileID: 7178612906063152676, guid: eb52b95eae8a504478bd774c4ab81fea,
        type: 3}
      propertyPath: m_LocalRotation.w
      value: 1
      objectReference: {fileID: 0}
    - target: {fileID: 7178612906063152676, guid: eb52b95eae8a504478bd774c4ab81fea,
        type: 3}
      propertyPath: m_RootOrder
      value: 1
      objectReference: {fileID: 0}
    - target: {fileID: 7178612906063152676, guid: eb52b95eae8a504478bd774c4ab81fea,
        type: 3}
      propertyPath: m_LocalEulerAnglesHint.x
      value: 0
      objectReference: {fileID: 0}
    - target: {fileID: 7178612906063152676, guid: eb52b95eae8a504478bd774c4ab81fea,
        type: 3}
      propertyPath: m_LocalEulerAnglesHint.y
      value: 0
      objectReference: {fileID: 0}
    - target: {fileID: 7178612906063152676, guid: eb52b95eae8a504478bd774c4ab81fea,
        type: 3}
      propertyPath: m_LocalEulerAnglesHint.z
      value: 0
      objectReference: {fileID: 0}
    m_RemovedComponents: []
  m_SourcePrefab: {fileID: 100100000, guid: eb52b95eae8a504478bd774c4ab81fea, type: 3}
--- !u!4 &520589674 stripped
Transform:
  m_CorrespondingSourceObject: {fileID: 7178612906063152676, guid: eb52b95eae8a504478bd774c4ab81fea,
    type: 3}
  m_PrefabInstance: {fileID: 520589673}
  m_PrefabAsset: {fileID: 0}
--- !u!1 &586113181
GameObject:
  m_ObjectHideFlags: 0
  m_CorrespondingSourceObject: {fileID: 0}
  m_PrefabInstance: {fileID: 0}
  m_PrefabAsset: {fileID: 0}
  serializedVersion: 6
  m_Component:
  - component: {fileID: 586113182}
  m_Layer: 0
  m_Name: All_Lights
  m_TagString: Untagged
  m_Icon: {fileID: 0}
  m_NavMeshLayer: 0
  m_StaticEditorFlags: 0
  m_IsActive: 1
--- !u!4 &586113182
Transform:
  m_ObjectHideFlags: 0
  m_CorrespondingSourceObject: {fileID: 0}
  m_PrefabInstance: {fileID: 0}
  m_PrefabAsset: {fileID: 0}
  m_GameObject: {fileID: 586113181}
  m_LocalRotation: {x: -0, y: -0, z: -0, w: 1}
  m_LocalPosition: {x: 3.8995643, y: -3.1550608, z: -0.7965965}
  m_LocalScale: {x: 1, y: 1, z: 1}
  m_Children:
  - {fileID: 156540721}
  - {fileID: 219561819}
  - {fileID: 2100821455}
  - {fileID: 317334171}
  - {fileID: 1167605131}
  - {fileID: 91267546}
  m_Father: {fileID: 1354161384}
  m_RootOrder: 1
  m_LocalEulerAnglesHint: {x: 0, y: 0, z: 0}
--- !u!1001 &688082791
PrefabInstance:
  m_ObjectHideFlags: 0
  serializedVersion: 2
  m_Modification:
    m_TransformParent: {fileID: 1252295142}
    m_Modifications:
    - target: {fileID: 5383694523035502494, guid: 4f5634f59c6e26a45b8f1f3a87838989,
        type: 3}
      propertyPath: m_Name
      value: Building2 (2)
      objectReference: {fileID: 0}
    - target: {fileID: 7940605768395084174, guid: 4f5634f59c6e26a45b8f1f3a87838989,
        type: 3}
      propertyPath: m_LocalPosition.x
      value: 7.086076
      objectReference: {fileID: 0}
    - target: {fileID: 7940605768395084174, guid: 4f5634f59c6e26a45b8f1f3a87838989,
        type: 3}
      propertyPath: m_LocalPosition.y
      value: -1.7845407
      objectReference: {fileID: 0}
    - target: {fileID: 7940605768395084174, guid: 4f5634f59c6e26a45b8f1f3a87838989,
        type: 3}
      propertyPath: m_LocalPosition.z
      value: 3.0926085
      objectReference: {fileID: 0}
    - target: {fileID: 7940605768395084174, guid: 4f5634f59c6e26a45b8f1f3a87838989,
        type: 3}
      propertyPath: m_LocalRotation.x
      value: -0
      objectReference: {fileID: 0}
    - target: {fileID: 7940605768395084174, guid: 4f5634f59c6e26a45b8f1f3a87838989,
        type: 3}
      propertyPath: m_LocalRotation.y
      value: 1
      objectReference: {fileID: 0}
    - target: {fileID: 7940605768395084174, guid: 4f5634f59c6e26a45b8f1f3a87838989,
        type: 3}
      propertyPath: m_LocalRotation.z
      value: -0
      objectReference: {fileID: 0}
    - target: {fileID: 7940605768395084174, guid: 4f5634f59c6e26a45b8f1f3a87838989,
        type: 3}
      propertyPath: m_LocalRotation.w
      value: 0
      objectReference: {fileID: 0}
    - target: {fileID: 7940605768395084174, guid: 4f5634f59c6e26a45b8f1f3a87838989,
        type: 3}
      propertyPath: m_RootOrder
      value: 6
      objectReference: {fileID: 0}
    - target: {fileID: 7940605768395084174, guid: 4f5634f59c6e26a45b8f1f3a87838989,
        type: 3}
      propertyPath: m_LocalEulerAnglesHint.x
      value: 0
      objectReference: {fileID: 0}
    - target: {fileID: 7940605768395084174, guid: 4f5634f59c6e26a45b8f1f3a87838989,
        type: 3}
      propertyPath: m_LocalEulerAnglesHint.y
      value: 180
      objectReference: {fileID: 0}
    - target: {fileID: 7940605768395084174, guid: 4f5634f59c6e26a45b8f1f3a87838989,
        type: 3}
      propertyPath: m_LocalEulerAnglesHint.z
      value: 0
      objectReference: {fileID: 0}
    m_RemovedComponents: []
  m_SourcePrefab: {fileID: 100100000, guid: 4f5634f59c6e26a45b8f1f3a87838989, type: 3}
--- !u!4 &688082792 stripped
Transform:
  m_CorrespondingSourceObject: {fileID: 7940605768395084174, guid: 4f5634f59c6e26a45b8f1f3a87838989,
    type: 3}
  m_PrefabInstance: {fileID: 688082791}
  m_PrefabAsset: {fileID: 0}
--- !u!1001 &791636693
PrefabInstance:
  m_ObjectHideFlags: 0
  serializedVersion: 2
  m_Modification:
    m_TransformParent: {fileID: 1252295142}
    m_Modifications:
    - target: {fileID: 3629863036966721457, guid: 59c88568733df324ebe2a37f6018c667,
        type: 3}
      propertyPath: m_Name
      value: Building1
      objectReference: {fileID: 0}
    - target: {fileID: 2768758290714567074, guid: 59c88568733df324ebe2a37f6018c667,
        type: 3}
      propertyPath: m_LocalPosition.x
      value: -12.293923
      objectReference: {fileID: 0}
    - target: {fileID: 2768758290714567074, guid: 59c88568733df324ebe2a37f6018c667,
        type: 3}
      propertyPath: m_LocalPosition.y
      value: -1.7845407
      objectReference: {fileID: 0}
    - target: {fileID: 2768758290714567074, guid: 59c88568733df324ebe2a37f6018c667,
        type: 3}
      propertyPath: m_LocalPosition.z
      value: -8.127392
      objectReference: {fileID: 0}
    - target: {fileID: 2768758290714567074, guid: 59c88568733df324ebe2a37f6018c667,
        type: 3}
      propertyPath: m_LocalRotation.x
      value: -0
      objectReference: {fileID: 0}
    - target: {fileID: 2768758290714567074, guid: 59c88568733df324ebe2a37f6018c667,
        type: 3}
      propertyPath: m_LocalRotation.y
      value: -0
      objectReference: {fileID: 0}
    - target: {fileID: 2768758290714567074, guid: 59c88568733df324ebe2a37f6018c667,
        type: 3}
      propertyPath: m_LocalRotation.z
      value: -0
      objectReference: {fileID: 0}
    - target: {fileID: 2768758290714567074, guid: 59c88568733df324ebe2a37f6018c667,
        type: 3}
      propertyPath: m_LocalRotation.w
      value: 1
      objectReference: {fileID: 0}
    - target: {fileID: 2768758290714567074, guid: 59c88568733df324ebe2a37f6018c667,
        type: 3}
      propertyPath: m_RootOrder
      value: 0
      objectReference: {fileID: 0}
    - target: {fileID: 2768758290714567074, guid: 59c88568733df324ebe2a37f6018c667,
        type: 3}
      propertyPath: m_LocalEulerAnglesHint.x
      value: 0
      objectReference: {fileID: 0}
    - target: {fileID: 2768758290714567074, guid: 59c88568733df324ebe2a37f6018c667,
        type: 3}
      propertyPath: m_LocalEulerAnglesHint.y
      value: 0
      objectReference: {fileID: 0}
    - target: {fileID: 2768758290714567074, guid: 59c88568733df324ebe2a37f6018c667,
        type: 3}
      propertyPath: m_LocalEulerAnglesHint.z
      value: 0
      objectReference: {fileID: 0}
    m_RemovedComponents: []
  m_SourcePrefab: {fileID: 100100000, guid: 59c88568733df324ebe2a37f6018c667, type: 3}
--- !u!4 &791636694 stripped
Transform:
  m_CorrespondingSourceObject: {fileID: 2768758290714567074, guid: 59c88568733df324ebe2a37f6018c667,
    type: 3}
  m_PrefabInstance: {fileID: 791636693}
  m_PrefabAsset: {fileID: 0}
--- !u!1001 &928092209
PrefabInstance:
  m_ObjectHideFlags: 0
  serializedVersion: 2
  m_Modification:
    m_TransformParent: {fileID: 1300441062}
    m_Modifications:
    - target: {fileID: 4520444282643147517, guid: 05893da1b3bc81241b802cf4601b5998,
        type: 3}
      propertyPath: m_Name
      value: Tree (5)
      objectReference: {fileID: 0}
    - target: {fileID: 1932317065895170424, guid: 05893da1b3bc81241b802cf4601b5998,
        type: 3}
      propertyPath: m_LocalPosition.x
      value: 2.726076
      objectReference: {fileID: 0}
    - target: {fileID: 1932317065895170424, guid: 05893da1b3bc81241b802cf4601b5998,
        type: 3}
      propertyPath: m_LocalPosition.y
      value: -1.7045406
      objectReference: {fileID: 0}
    - target: {fileID: 1932317065895170424, guid: 05893da1b3bc81241b802cf4601b5998,
        type: 3}
      propertyPath: m_LocalPosition.z
      value: 6.8126087
      objectReference: {fileID: 0}
    - target: {fileID: 1932317065895170424, guid: 05893da1b3bc81241b802cf4601b5998,
        type: 3}
      propertyPath: m_LocalRotation.x
      value: -0
      objectReference: {fileID: 0}
    - target: {fileID: 1932317065895170424, guid: 05893da1b3bc81241b802cf4601b5998,
        type: 3}
      propertyPath: m_LocalRotation.y
      value: -0
      objectReference: {fileID: 0}
    - target: {fileID: 1932317065895170424, guid: 05893da1b3bc81241b802cf4601b5998,
        type: 3}
      propertyPath: m_LocalRotation.z
      value: -0
      objectReference: {fileID: 0}
    - target: {fileID: 1932317065895170424, guid: 05893da1b3bc81241b802cf4601b5998,
        type: 3}
      propertyPath: m_LocalRotation.w
      value: 1
      objectReference: {fileID: 0}
    - target: {fileID: 1932317065895170424, guid: 05893da1b3bc81241b802cf4601b5998,
        type: 3}
      propertyPath: m_RootOrder
      value: 5
      objectReference: {fileID: 0}
    - target: {fileID: 1932317065895170424, guid: 05893da1b3bc81241b802cf4601b5998,
        type: 3}
      propertyPath: m_LocalEulerAnglesHint.x
      value: 0
      objectReference: {fileID: 0}
    - target: {fileID: 1932317065895170424, guid: 05893da1b3bc81241b802cf4601b5998,
        type: 3}
      propertyPath: m_LocalEulerAnglesHint.y
      value: 0
      objectReference: {fileID: 0}
    - target: {fileID: 1932317065895170424, guid: 05893da1b3bc81241b802cf4601b5998,
        type: 3}
      propertyPath: m_LocalEulerAnglesHint.z
      value: 0
      objectReference: {fileID: 0}
    m_RemovedComponents: []
  m_SourcePrefab: {fileID: 100100000, guid: 05893da1b3bc81241b802cf4601b5998, type: 3}
--- !u!4 &928092210 stripped
Transform:
  m_CorrespondingSourceObject: {fileID: 1932317065895170424, guid: 05893da1b3bc81241b802cf4601b5998,
    type: 3}
  m_PrefabInstance: {fileID: 928092209}
  m_PrefabAsset: {fileID: 0}
--- !u!1 &1167605130
GameObject:
  m_ObjectHideFlags: 0
  m_CorrespondingSourceObject: {fileID: 0}
  m_PrefabInstance: {fileID: 0}
  m_PrefabAsset: {fileID: 0}
  serializedVersion: 6
  m_Component:
  - component: {fileID: 1167605131}
  - component: {fileID: 1167605132}
  m_Layer: 0
  m_Name: Lamp_Light (4)
  m_TagString: Untagged
  m_Icon: {fileID: 0}
  m_NavMeshLayer: 0
  m_StaticEditorFlags: 0
  m_IsActive: 1
--- !u!4 &1167605131
Transform:
  m_ObjectHideFlags: 0
  m_CorrespondingSourceObject: {fileID: 0}
  m_PrefabInstance: {fileID: 0}
  m_PrefabAsset: {fileID: 0}
  m_GameObject: {fileID: 1167605130}
  m_LocalRotation: {x: -0, y: -0, z: -0, w: 1}
  m_LocalPosition: {x: -9.503565, y: 4.805061, z: 9.556597}
  m_LocalScale: {x: 1, y: 1, z: 1}
  m_Children: []
  m_Father: {fileID: 586113182}
  m_RootOrder: 4
  m_LocalEulerAnglesHint: {x: 0, y: 0, z: 0}
--- !u!108 &1167605132
Light:
  m_ObjectHideFlags: 0
  m_CorrespondingSourceObject: {fileID: 0}
  m_PrefabInstance: {fileID: 0}
  m_PrefabAsset: {fileID: 0}
  m_GameObject: {fileID: 1167605130}
  m_Enabled: 1
  serializedVersion: 8
  m_Type: 2
  m_Color: {r: 0.86322296, g: 0.8679245, b: 0.38074043, a: 1}
  m_Intensity: 1.88
  m_Range: 10
  m_SpotAngle: 30
  m_CookieSize: 10
  m_Shadows:
    m_Type: 0
    m_Resolution: -1
    m_CustomResolution: -1
    m_Strength: 1
    m_Bias: 0.05
    m_NormalBias: 0.4
    m_NearPlane: 0.2
  m_Cookie: {fileID: 0}
  m_DrawHalo: 0
  m_Flare: {fileID: 0}
  m_RenderMode: 0
  m_CullingMask:
    serializedVersion: 2
    m_Bits: 4294967295
  m_Lightmapping: 4
  m_LightShadowCasterMode: 0
  m_AreaSize: {x: 1, y: 1}
  m_BounceIntensity: 1
  m_ColorTemperature: 6570
  m_UseColorTemperature: 0
  m_ShadowRadius: 0
  m_ShadowAngle: 0
--- !u!1 &1252295141
GameObject:
  m_ObjectHideFlags: 0
  m_CorrespondingSourceObject: {fileID: 0}
  m_PrefabInstance: {fileID: 0}
  m_PrefabAsset: {fileID: 0}
  serializedVersion: 6
  m_Component:
  - component: {fileID: 1252295142}
  m_Layer: 0
  m_Name: All_Buildings
  m_TagString: Untagged
  m_Icon: {fileID: 0}
  m_NavMeshLayer: 0
  m_StaticEditorFlags: 0
  m_IsActive: 1
--- !u!4 &1252295142
Transform:
  m_ObjectHideFlags: 0
  m_CorrespondingSourceObject: {fileID: 0}
  m_PrefabInstance: {fileID: 0}
  m_PrefabAsset: {fileID: 0}
  m_GameObject: {fileID: 1252295141}
  m_LocalRotation: {x: -0, y: -0, z: -0, w: 1}
  m_LocalPosition: {x: 1.603924, y: 1.7845407, z: -2.4726083}
  m_LocalScale: {x: 1, y: 1, z: 1}
  m_Children:
  - {fileID: 791636694}
  - {fileID: 1960260199}
  - {fileID: 1763857598}
  - {fileID: 37718565}
  - {fileID: 1987847774}
  - {fileID: 2021722509}
  - {fileID: 688082792}
  m_Father: {fileID: 1848577083}
  m_RootOrder: 1
  m_LocalEulerAnglesHint: {x: 0, y: 0, z: 0}
--- !u!1 &1299002056
GameObject:
  m_ObjectHideFlags: 0
  m_CorrespondingSourceObject: {fileID: 0}
  m_PrefabInstance: {fileID: 0}
  m_PrefabAsset: {fileID: 0}
  serializedVersion: 6
  m_Component:
  - component: {fileID: 1299002057}
  - component: {fileID: 1299002058}
  m_Layer: 0
  m_Name: LightNight
  m_TagString: Untagged
  m_Icon: {fileID: 0}
  m_NavMeshLayer: 0
  m_StaticEditorFlags: 0
  m_IsActive: 1
--- !u!4 &1299002057
Transform:
  m_ObjectHideFlags: 0
  m_CorrespondingSourceObject: {fileID: 0}
  m_PrefabInstance: {fileID: 0}
  m_PrefabAsset: {fileID: 0}
  m_GameObject: {fileID: 1299002056}
  m_LocalRotation: {x: 0.3018553, y: -0.37557888, z: -0.004512135, w: 0.876244}
  m_LocalPosition: {x: 12, y: 28.8, z: -26.9}
  m_LocalScale: {x: 1, y: 1, z: 1}
  m_Children: []
  m_Father: {fileID: 1354161384}
  m_RootOrder: 0
  m_LocalEulerAnglesHint: {x: 31.709002, y: -50.977, z: -16.011002}
--- !u!108 &1299002058
Light:
  m_ObjectHideFlags: 0
  m_CorrespondingSourceObject: {fileID: 0}
  m_PrefabInstance: {fileID: 0}
  m_PrefabAsset: {fileID: 0}
  m_GameObject: {fileID: 1299002056}
  m_Enabled: 1
  serializedVersion: 8
  m_Type: 1
  m_Color: {r: 0.48282304, g: 0.5849056, b: 0.5673732, a: 1}
  m_Intensity: 1
  m_Range: 10
  m_SpotAngle: 30
  m_CookieSize: 10
  m_Shadows:
    m_Type: 0
    m_Resolution: -1
    m_CustomResolution: -1
    m_Strength: 1
    m_Bias: 0.05
    m_NormalBias: 0.4
    m_NearPlane: 0.2
  m_Cookie: {fileID: 0}
  m_DrawHalo: 0
  m_Flare: {fileID: 0}
  m_RenderMode: 0
  m_CullingMask:
    serializedVersion: 2
    m_Bits: 4294967295
  m_Lightmapping: 4
  m_LightShadowCasterMode: 0
  m_AreaSize: {x: 1, y: 1}
  m_BounceIntensity: 1
  m_ColorTemperature: 6570
  m_UseColorTemperature: 0
  m_ShadowRadius: 0
  m_ShadowAngle: 0
--- !u!1 &1300441061
GameObject:
  m_ObjectHideFlags: 0
  m_CorrespondingSourceObject: {fileID: 0}
  m_PrefabInstance: {fileID: 0}
  m_PrefabAsset: {fileID: 0}
  serializedVersion: 6
  m_Component:
  - component: {fileID: 1300441062}
  m_Layer: 0
  m_Name: All_Trees
  m_TagString: Untagged
  m_Icon: {fileID: 0}
  m_NavMeshLayer: 0
  m_StaticEditorFlags: 0
  m_IsActive: 1
--- !u!4 &1300441062
Transform:
  m_ObjectHideFlags: 0
  m_CorrespondingSourceObject: {fileID: 0}
  m_PrefabInstance: {fileID: 0}
  m_PrefabAsset: {fileID: 0}
  m_GameObject: {fileID: 1300441061}
  m_LocalRotation: {x: -0, y: -0, z: -0, w: 1}
  m_LocalPosition: {x: 1.603924, y: 1.7845407, z: -2.4726083}
  m_LocalScale: {x: 1, y: 1, z: 1}
  m_Children:
  - {fileID: 1628141286141653631}
  - {fileID: 393481582}
  - {fileID: 1913759770}
  - {fileID: 299279776}
  - {fileID: 2118649039}
  - {fileID: 928092210}
  - {fileID: 1856350796}
  - {fileID: 216866063}
  m_Father: {fileID: 1848577083}
  m_RootOrder: 2
  m_LocalEulerAnglesHint: {x: 0, y: 0, z: 0}
--- !u!1 &1354161383
GameObject:
  m_ObjectHideFlags: 0
  m_CorrespondingSourceObject: {fileID: 0}
  m_PrefabInstance: {fileID: 0}
  m_PrefabAsset: {fileID: 0}
  serializedVersion: 6
  m_Component:
  - component: {fileID: 1354161384}
  m_Layer: 0
  m_Name: '-----Light-----'
  m_TagString: Untagged
  m_Icon: {fileID: 0}
  m_NavMeshLayer: 0
  m_StaticEditorFlags: 0
  m_IsActive: 1
--- !u!4 &1354161384
Transform:
  m_ObjectHideFlags: 0
  m_CorrespondingSourceObject: {fileID: 0}
  m_PrefabInstance: {fileID: 0}
  m_PrefabAsset: {fileID: 0}
  m_GameObject: {fileID: 1354161383}
  m_LocalRotation: {x: 0, y: 0, z: 0, w: 1}
  m_LocalPosition: {x: 0, y: 0, z: 0}
  m_LocalScale: {x: 1, y: 1, z: 1}
  m_Children:
  - {fileID: 1299002057}
  - {fileID: 586113182}
  m_Father: {fileID: 0}
  m_RootOrder: 1
  m_LocalEulerAnglesHint: {x: 0, y: 0, z: 0}
--- !u!1 &1474897887
GameObject:
  m_ObjectHideFlags: 0
  m_CorrespondingSourceObject: {fileID: 0}
  m_PrefabInstance: {fileID: 0}
  m_PrefabAsset: {fileID: 0}
  serializedVersion: 6
  m_Component:
  - component: {fileID: 1474897888}
  m_Layer: 0
  m_Name: All_Lamps
  m_TagString: Untagged
  m_Icon: {fileID: 0}
  m_NavMeshLayer: 0
  m_StaticEditorFlags: 0
  m_IsActive: 1
--- !u!4 &1474897888
Transform:
  m_ObjectHideFlags: 0
  m_CorrespondingSourceObject: {fileID: 0}
  m_PrefabInstance: {fileID: 0}
  m_PrefabAsset: {fileID: 0}
  m_GameObject: {fileID: 1474897887}
  m_LocalRotation: {x: -0, y: -0, z: -0, w: 1}
  m_LocalPosition: {x: 1.603924, y: 1.7845407, z: -2.4726083}
  m_LocalScale: {x: 1, y: 1, z: 1}
  m_Children:
  - {fileID: 161981842}
  - {fileID: 520589674}
  - {fileID: 33195830}
  - {fileID: 366241437}
  - {fileID: 1647886121}
  - {fileID: 2063477478}
  m_Father: {fileID: 1848577083}
  m_RootOrder: 3
  m_LocalEulerAnglesHint: {x: 0, y: 0, z: 0}
--- !u!1001 &1647886120
PrefabInstance:
  m_ObjectHideFlags: 0
  serializedVersion: 2
  m_Modification:
    m_TransformParent: {fileID: 1474897888}
    m_Modifications:
    - target: {fileID: 3130418908647309128, guid: eb52b95eae8a504478bd774c4ab81fea,
        type: 3}
      propertyPath: m_Name
      value: Lamp (4)
      objectReference: {fileID: 0}
    - target: {fileID: 7178612906063152676, guid: eb52b95eae8a504478bd774c4ab81fea,
        type: 3}
      propertyPath: m_LocalPosition.x
      value: 2.9260762
      objectReference: {fileID: 0}
    - target: {fileID: 7178612906063152676, guid: eb52b95eae8a504478bd774c4ab81fea,
        type: 3}
      propertyPath: m_LocalPosition.y
      value: -1.6245407
      objectReference: {fileID: 0}
    - target: {fileID: 7178612906063152676, guid: eb52b95eae8a504478bd774c4ab81fea,
        type: 3}
      propertyPath: m_LocalPosition.z
      value: 11.222609
      objectReference: {fileID: 0}
    - target: {fileID: 7178612906063152676, guid: eb52b95eae8a504478bd774c4ab81fea,
        type: 3}
      propertyPath: m_LocalRotation.x
      value: -0
      objectReference: {fileID: 0}
    - target: {fileID: 7178612906063152676, guid: eb52b95eae8a504478bd774c4ab81fea,
        type: 3}
      propertyPath: m_LocalRotation.y
      value: -0
      objectReference: {fileID: 0}
    - target: {fileID: 7178612906063152676, guid: eb52b95eae8a504478bd774c4ab81fea,
        type: 3}
      propertyPath: m_LocalRotation.z
      value: -0
      objectReference: {fileID: 0}
    - target: {fileID: 7178612906063152676, guid: eb52b95eae8a504478bd774c4ab81fea,
        type: 3}
      propertyPath: m_LocalRotation.w
      value: 1
      objectReference: {fileID: 0}
    - target: {fileID: 7178612906063152676, guid: eb52b95eae8a504478bd774c4ab81fea,
        type: 3}
      propertyPath: m_RootOrder
      value: 4
      objectReference: {fileID: 0}
    - target: {fileID: 7178612906063152676, guid: eb52b95eae8a504478bd774c4ab81fea,
        type: 3}
      propertyPath: m_LocalEulerAnglesHint.x
      value: 0
      objectReference: {fileID: 0}
    - target: {fileID: 7178612906063152676, guid: eb52b95eae8a504478bd774c4ab81fea,
        type: 3}
      propertyPath: m_LocalEulerAnglesHint.y
      value: 0
      objectReference: {fileID: 0}
    - target: {fileID: 7178612906063152676, guid: eb52b95eae8a504478bd774c4ab81fea,
        type: 3}
      propertyPath: m_LocalEulerAnglesHint.z
      value: 0
      objectReference: {fileID: 0}
    m_RemovedComponents: []
  m_SourcePrefab: {fileID: 100100000, guid: eb52b95eae8a504478bd774c4ab81fea, type: 3}
--- !u!4 &1647886121 stripped
Transform:
  m_CorrespondingSourceObject: {fileID: 7178612906063152676, guid: eb52b95eae8a504478bd774c4ab81fea,
    type: 3}
  m_PrefabInstance: {fileID: 1647886120}
  m_PrefabAsset: {fileID: 0}
--- !u!1001 &1763857597
PrefabInstance:
  m_ObjectHideFlags: 0
  serializedVersion: 2
  m_Modification:
    m_TransformParent: {fileID: 1252295142}
    m_Modifications:
    - target: {fileID: 3629863036966721457, guid: 59c88568733df324ebe2a37f6018c667,
        type: 3}
      propertyPath: m_Name
      value: Building1 (2)
      objectReference: {fileID: 0}
    - target: {fileID: 2768758290714567074, guid: 59c88568733df324ebe2a37f6018c667,
        type: 3}
      propertyPath: m_LocalPosition.x
      value: 7.546076
      objectReference: {fileID: 0}
    - target: {fileID: 2768758290714567074, guid: 59c88568733df324ebe2a37f6018c667,
        type: 3}
      propertyPath: m_LocalPosition.y
      value: -1.7845407
      objectReference: {fileID: 0}
    - target: {fileID: 2768758290714567074, guid: 59c88568733df324ebe2a37f6018c667,
        type: 3}
      propertyPath: m_LocalPosition.z
      value: -5.1073914
      objectReference: {fileID: 0}
    - target: {fileID: 2768758290714567074, guid: 59c88568733df324ebe2a37f6018c667,
        type: 3}
      propertyPath: m_LocalRotation.x
      value: -0
      objectReference: {fileID: 0}
    - target: {fileID: 2768758290714567074, guid: 59c88568733df324ebe2a37f6018c667,
        type: 3}
      propertyPath: m_LocalRotation.y
      value: 1
      objectReference: {fileID: 0}
    - target: {fileID: 2768758290714567074, guid: 59c88568733df324ebe2a37f6018c667,
        type: 3}
      propertyPath: m_LocalRotation.z
      value: -0
      objectReference: {fileID: 0}
    - target: {fileID: 2768758290714567074, guid: 59c88568733df324ebe2a37f6018c667,
        type: 3}
      propertyPath: m_LocalRotation.w
      value: 0
      objectReference: {fileID: 0}
    - target: {fileID: 2768758290714567074, guid: 59c88568733df324ebe2a37f6018c667,
        type: 3}
      propertyPath: m_RootOrder
      value: 2
      objectReference: {fileID: 0}
    - target: {fileID: 2768758290714567074, guid: 59c88568733df324ebe2a37f6018c667,
        type: 3}
      propertyPath: m_LocalEulerAnglesHint.x
      value: 0
      objectReference: {fileID: 0}
    - target: {fileID: 2768758290714567074, guid: 59c88568733df324ebe2a37f6018c667,
        type: 3}
      propertyPath: m_LocalEulerAnglesHint.y
      value: 180
      objectReference: {fileID: 0}
    - target: {fileID: 2768758290714567074, guid: 59c88568733df324ebe2a37f6018c667,
        type: 3}
      propertyPath: m_LocalEulerAnglesHint.z
      value: 0
      objectReference: {fileID: 0}
    m_RemovedComponents: []
  m_SourcePrefab: {fileID: 100100000, guid: 59c88568733df324ebe2a37f6018c667, type: 3}
--- !u!4 &1763857598 stripped
Transform:
  m_CorrespondingSourceObject: {fileID: 2768758290714567074, guid: 59c88568733df324ebe2a37f6018c667,
    type: 3}
  m_PrefabInstance: {fileID: 1763857597}
  m_PrefabAsset: {fileID: 0}
--- !u!1 &1848577082
GameObject:
  m_ObjectHideFlags: 0
  m_CorrespondingSourceObject: {fileID: 0}
  m_PrefabInstance: {fileID: 0}
  m_PrefabAsset: {fileID: 0}
  serializedVersion: 6
  m_Component:
  - component: {fileID: 1848577083}
  m_Layer: 0
  m_Name: '-----Level-----'
  m_TagString: Untagged
  m_Icon: {fileID: 0}
  m_NavMeshLayer: 0
  m_StaticEditorFlags: 0
  m_IsActive: 1
--- !u!4 &1848577083
Transform:
  m_ObjectHideFlags: 0
  m_CorrespondingSourceObject: {fileID: 0}
  m_PrefabInstance: {fileID: 0}
  m_PrefabAsset: {fileID: 0}
  m_GameObject: {fileID: 1848577082}
  m_LocalRotation: {x: 0, y: 0, z: 0, w: 1}
  m_LocalPosition: {x: 0, y: 0, z: 0}
  m_LocalScale: {x: 1, y: 1, z: 1}
  m_Children:
  - {fileID: 3105264232182159815}
  - {fileID: 1252295142}
  - {fileID: 1300441062}
  - {fileID: 1474897888}
  m_Father: {fileID: 0}
  m_RootOrder: 0
  m_LocalEulerAnglesHint: {x: 0, y: 0, z: 0}
--- !u!1001 &1856350795
PrefabInstance:
  m_ObjectHideFlags: 0
  serializedVersion: 2
  m_Modification:
    m_TransformParent: {fileID: 1300441062}
    m_Modifications:
    - target: {fileID: 4520444282643147517, guid: 05893da1b3bc81241b802cf4601b5998,
        type: 3}
      propertyPath: m_Name
      value: Tree (6)
      objectReference: {fileID: 0}
    - target: {fileID: 1932317065895170424, guid: 05893da1b3bc81241b802cf4601b5998,
        type: 3}
      propertyPath: m_LocalPosition.x
      value: 2.726076
      objectReference: {fileID: 0}
    - target: {fileID: 1932317065895170424, guid: 05893da1b3bc81241b802cf4601b5998,
        type: 3}
      propertyPath: m_LocalPosition.y
      value: -1.7045406
      objectReference: {fileID: 0}
    - target: {fileID: 1932317065895170424, guid: 05893da1b3bc81241b802cf4601b5998,
        type: 3}
      propertyPath: m_LocalPosition.z
      value: 14.482609
      objectReference: {fileID: 0}
    - target: {fileID: 1932317065895170424, guid: 05893da1b3bc81241b802cf4601b5998,
        type: 3}
      propertyPath: m_LocalRotation.x
      value: -0
      objectReference: {fileID: 0}
    - target: {fileID: 1932317065895170424, guid: 05893da1b3bc81241b802cf4601b5998,
        type: 3}
      propertyPath: m_LocalRotation.y
      value: -0
      objectReference: {fileID: 0}
    - target: {fileID: 1932317065895170424, guid: 05893da1b3bc81241b802cf4601b5998,
        type: 3}
      propertyPath: m_LocalRotation.z
      value: -0
      objectReference: {fileID: 0}
    - target: {fileID: 1932317065895170424, guid: 05893da1b3bc81241b802cf4601b5998,
        type: 3}
      propertyPath: m_LocalRotation.w
      value: 1
      objectReference: {fileID: 0}
    - target: {fileID: 1932317065895170424, guid: 05893da1b3bc81241b802cf4601b5998,
        type: 3}
      propertyPath: m_RootOrder
      value: 6
      objectReference: {fileID: 0}
    - target: {fileID: 1932317065895170424, guid: 05893da1b3bc81241b802cf4601b5998,
        type: 3}
      propertyPath: m_LocalEulerAnglesHint.x
      value: 0
      objectReference: {fileID: 0}
    - target: {fileID: 1932317065895170424, guid: 05893da1b3bc81241b802cf4601b5998,
        type: 3}
      propertyPath: m_LocalEulerAnglesHint.y
      value: 0
      objectReference: {fileID: 0}
    - target: {fileID: 1932317065895170424, guid: 05893da1b3bc81241b802cf4601b5998,
        type: 3}
      propertyPath: m_LocalEulerAnglesHint.z
      value: 0
      objectReference: {fileID: 0}
    m_RemovedComponents: []
  m_SourcePrefab: {fileID: 100100000, guid: 05893da1b3bc81241b802cf4601b5998, type: 3}
--- !u!4 &1856350796 stripped
Transform:
  m_CorrespondingSourceObject: {fileID: 1932317065895170424, guid: 05893da1b3bc81241b802cf4601b5998,
    type: 3}
  m_PrefabInstance: {fileID: 1856350795}
  m_PrefabAsset: {fileID: 0}
--- !u!1001 &1913759769
PrefabInstance:
  m_ObjectHideFlags: 0
  serializedVersion: 2
  m_Modification:
    m_TransformParent: {fileID: 1300441062}
    m_Modifications:
    - target: {fileID: 4520444282643147517, guid: 05893da1b3bc81241b802cf4601b5998,
        type: 3}
      propertyPath: m_Name
      value: Tree (2)
      objectReference: {fileID: 0}
    - target: {fileID: 1932317065895170424, guid: 05893da1b3bc81241b802cf4601b5998,
        type: 3}
      propertyPath: m_LocalPosition.x
      value: 2.726076
      objectReference: {fileID: 0}
    - target: {fileID: 1932317065895170424, guid: 05893da1b3bc81241b802cf4601b5998,
        type: 3}
      propertyPath: m_LocalPosition.y
      value: -1.7045406
      objectReference: {fileID: 0}
    - target: {fileID: 1932317065895170424, guid: 05893da1b3bc81241b802cf4601b5998,
        type: 3}
      propertyPath: m_LocalPosition.z
      value: -1.0973916
      objectReference: {fileID: 0}
    - target: {fileID: 1932317065895170424, guid: 05893da1b3bc81241b802cf4601b5998,
        type: 3}
      propertyPath: m_LocalRotation.x
      value: -0
      objectReference: {fileID: 0}
    - target: {fileID: 1932317065895170424, guid: 05893da1b3bc81241b802cf4601b5998,
        type: 3}
      propertyPath: m_LocalRotation.y
      value: -0
      objectReference: {fileID: 0}
    - target: {fileID: 1932317065895170424, guid: 05893da1b3bc81241b802cf4601b5998,
        type: 3}
      propertyPath: m_LocalRotation.z
      value: -0
      objectReference: {fileID: 0}
    - target: {fileID: 1932317065895170424, guid: 05893da1b3bc81241b802cf4601b5998,
        type: 3}
      propertyPath: m_LocalRotation.w
      value: 1
      objectReference: {fileID: 0}
    - target: {fileID: 1932317065895170424, guid: 05893da1b3bc81241b802cf4601b5998,
        type: 3}
      propertyPath: m_RootOrder
      value: 2
      objectReference: {fileID: 0}
    - target: {fileID: 1932317065895170424, guid: 05893da1b3bc81241b802cf4601b5998,
        type: 3}
      propertyPath: m_LocalEulerAnglesHint.x
      value: 0
      objectReference: {fileID: 0}
    - target: {fileID: 1932317065895170424, guid: 05893da1b3bc81241b802cf4601b5998,
        type: 3}
      propertyPath: m_LocalEulerAnglesHint.y
      value: 0
      objectReference: {fileID: 0}
    - target: {fileID: 1932317065895170424, guid: 05893da1b3bc81241b802cf4601b5998,
        type: 3}
      propertyPath: m_LocalEulerAnglesHint.z
      value: 0
      objectReference: {fileID: 0}
    m_RemovedComponents: []
  m_SourcePrefab: {fileID: 100100000, guid: 05893da1b3bc81241b802cf4601b5998, type: 3}
--- !u!4 &1913759770 stripped
Transform:
  m_CorrespondingSourceObject: {fileID: 1932317065895170424, guid: 05893da1b3bc81241b802cf4601b5998,
    type: 3}
  m_PrefabInstance: {fileID: 1913759769}
  m_PrefabAsset: {fileID: 0}
--- !u!1001 &1960260198
PrefabInstance:
  m_ObjectHideFlags: 0
  serializedVersion: 2
  m_Modification:
    m_TransformParent: {fileID: 1252295142}
    m_Modifications:
    - target: {fileID: 3629863036966721457, guid: 59c88568733df324ebe2a37f6018c667,
        type: 3}
      propertyPath: m_Name
      value: Building1 (1)
      objectReference: {fileID: 0}
    - target: {fileID: 2768758290714567074, guid: 59c88568733df324ebe2a37f6018c667,
        type: 3}
      propertyPath: m_LocalPosition.x
      value: -12.243924
      objectReference: {fileID: 0}
    - target: {fileID: 2768758290714567074, guid: 59c88568733df324ebe2a37f6018c667,
        type: 3}
      propertyPath: m_LocalPosition.y
      value: -1.7845407
      objectReference: {fileID: 0}
    - target: {fileID: 2768758290714567074, guid: 59c88568733df324ebe2a37f6018c667,
        type: 3}
      propertyPath: m_LocalPosition.z
      value: 7.952608
      objectReference: {fileID: 0}
    - target: {fileID: 2768758290714567074, guid: 59c88568733df324ebe2a37f6018c667,
        type: 3}
      propertyPath: m_LocalRotation.x
      value: -0
      objectReference: {fileID: 0}
    - target: {fileID: 2768758290714567074, guid: 59c88568733df324ebe2a37f6018c667,
        type: 3}
      propertyPath: m_LocalRotation.y
      value: -0
      objectReference: {fileID: 0}
    - target: {fileID: 2768758290714567074, guid: 59c88568733df324ebe2a37f6018c667,
        type: 3}
      propertyPath: m_LocalRotation.z
      value: -0
      objectReference: {fileID: 0}
    - target: {fileID: 2768758290714567074, guid: 59c88568733df324ebe2a37f6018c667,
        type: 3}
      propertyPath: m_LocalRotation.w
      value: 1
      objectReference: {fileID: 0}
    - target: {fileID: 2768758290714567074, guid: 59c88568733df324ebe2a37f6018c667,
        type: 3}
      propertyPath: m_RootOrder
      value: 1
      objectReference: {fileID: 0}
    - target: {fileID: 2768758290714567074, guid: 59c88568733df324ebe2a37f6018c667,
        type: 3}
      propertyPath: m_LocalEulerAnglesHint.x
      value: 0
      objectReference: {fileID: 0}
    - target: {fileID: 2768758290714567074, guid: 59c88568733df324ebe2a37f6018c667,
        type: 3}
      propertyPath: m_LocalEulerAnglesHint.y
      value: 0
      objectReference: {fileID: 0}
    - target: {fileID: 2768758290714567074, guid: 59c88568733df324ebe2a37f6018c667,
        type: 3}
      propertyPath: m_LocalEulerAnglesHint.z
      value: 0
      objectReference: {fileID: 0}
    m_RemovedComponents: []
  m_SourcePrefab: {fileID: 100100000, guid: 59c88568733df324ebe2a37f6018c667, type: 3}
--- !u!4 &1960260199 stripped
Transform:
  m_CorrespondingSourceObject: {fileID: 2768758290714567074, guid: 59c88568733df324ebe2a37f6018c667,
    type: 3}
  m_PrefabInstance: {fileID: 1960260198}
  m_PrefabAsset: {fileID: 0}
--- !u!1001 &1987847773
PrefabInstance:
  m_ObjectHideFlags: 0
  serializedVersion: 2
  m_Modification:
    m_TransformParent: {fileID: 1252295142}
    m_Modifications:
    - target: {fileID: 5383694523035502494, guid: 4f5634f59c6e26a45b8f1f3a87838989,
        type: 3}
      propertyPath: m_Name
      value: Building2
      objectReference: {fileID: 0}
    - target: {fileID: 7940605768395084174, guid: 4f5634f59c6e26a45b8f1f3a87838989,
        type: 3}
      propertyPath: m_LocalPosition.x
      value: -11.213923
      objectReference: {fileID: 0}
    - target: {fileID: 7940605768395084174, guid: 4f5634f59c6e26a45b8f1f3a87838989,
        type: 3}
      propertyPath: m_LocalPosition.y
      value: -1.7845407
      objectReference: {fileID: 0}
    - target: {fileID: 7940605768395084174, guid: 4f5634f59c6e26a45b8f1f3a87838989,
        type: 3}
      propertyPath: m_LocalPosition.z
      value: 0.3926084
      objectReference: {fileID: 0}
    - target: {fileID: 7940605768395084174, guid: 4f5634f59c6e26a45b8f1f3a87838989,
        type: 3}
      propertyPath: m_LocalRotation.x
      value: -0
      objectReference: {fileID: 0}
    - target: {fileID: 7940605768395084174, guid: 4f5634f59c6e26a45b8f1f3a87838989,
        type: 3}
      propertyPath: m_LocalRotation.y
      value: -0
      objectReference: {fileID: 0}
    - target: {fileID: 7940605768395084174, guid: 4f5634f59c6e26a45b8f1f3a87838989,
        type: 3}
      propertyPath: m_LocalRotation.z
      value: -0
      objectReference: {fileID: 0}
    - target: {fileID: 7940605768395084174, guid: 4f5634f59c6e26a45b8f1f3a87838989,
        type: 3}
      propertyPath: m_LocalRotation.w
      value: 1
      objectReference: {fileID: 0}
    - target: {fileID: 7940605768395084174, guid: 4f5634f59c6e26a45b8f1f3a87838989,
        type: 3}
      propertyPath: m_RootOrder
      value: 4
      objectReference: {fileID: 0}
    - target: {fileID: 7940605768395084174, guid: 4f5634f59c6e26a45b8f1f3a87838989,
        type: 3}
      propertyPath: m_LocalEulerAnglesHint.x
      value: 0
      objectReference: {fileID: 0}
    - target: {fileID: 7940605768395084174, guid: 4f5634f59c6e26a45b8f1f3a87838989,
        type: 3}
      propertyPath: m_LocalEulerAnglesHint.y
      value: 0
      objectReference: {fileID: 0}
    - target: {fileID: 7940605768395084174, guid: 4f5634f59c6e26a45b8f1f3a87838989,
        type: 3}
      propertyPath: m_LocalEulerAnglesHint.z
      value: 0
      objectReference: {fileID: 0}
    m_RemovedComponents: []
  m_SourcePrefab: {fileID: 100100000, guid: 4f5634f59c6e26a45b8f1f3a87838989, type: 3}
--- !u!4 &1987847774 stripped
Transform:
  m_CorrespondingSourceObject: {fileID: 7940605768395084174, guid: 4f5634f59c6e26a45b8f1f3a87838989,
    type: 3}
  m_PrefabInstance: {fileID: 1987847773}
  m_PrefabAsset: {fileID: 0}
--- !u!1001 &2021722508
PrefabInstance:
  m_ObjectHideFlags: 0
  serializedVersion: 2
  m_Modification:
    m_TransformParent: {fileID: 1252295142}
    m_Modifications:
    - target: {fileID: 5383694523035502494, guid: 4f5634f59c6e26a45b8f1f3a87838989,
        type: 3}
      propertyPath: m_Name
      value: Building2 (1)
      objectReference: {fileID: 0}
    - target: {fileID: 7940605768395084174, guid: 4f5634f59c6e26a45b8f1f3a87838989,
        type: 3}
      propertyPath: m_LocalPosition.x
      value: -10.473924
      objectReference: {fileID: 0}
    - target: {fileID: 7940605768395084174, guid: 4f5634f59c6e26a45b8f1f3a87838989,
        type: 3}
      propertyPath: m_LocalPosition.y
      value: -1.7845407
      objectReference: {fileID: 0}
    - target: {fileID: 7940605768395084174, guid: 4f5634f59c6e26a45b8f1f3a87838989,
        type: 3}
      propertyPath: m_LocalPosition.z
      value: 14.642609
      objectReference: {fileID: 0}
    - target: {fileID: 7940605768395084174, guid: 4f5634f59c6e26a45b8f1f3a87838989,
        type: 3}
      propertyPath: m_LocalRotation.x
      value: -0
      objectReference: {fileID: 0}
    - target: {fileID: 7940605768395084174, guid: 4f5634f59c6e26a45b8f1f3a87838989,
        type: 3}
      propertyPath: m_LocalRotation.y
      value: -0
      objectReference: {fileID: 0}
    - target: {fileID: 7940605768395084174, guid: 4f5634f59c6e26a45b8f1f3a87838989,
        type: 3}
      propertyPath: m_LocalRotation.z
      value: -0
      objectReference: {fileID: 0}
    - target: {fileID: 7940605768395084174, guid: 4f5634f59c6e26a45b8f1f3a87838989,
        type: 3}
      propertyPath: m_LocalRotation.w
      value: 1
      objectReference: {fileID: 0}
    - target: {fileID: 7940605768395084174, guid: 4f5634f59c6e26a45b8f1f3a87838989,
        type: 3}
      propertyPath: m_RootOrder
      value: 5
      objectReference: {fileID: 0}
    - target: {fileID: 7940605768395084174, guid: 4f5634f59c6e26a45b8f1f3a87838989,
        type: 3}
      propertyPath: m_LocalEulerAnglesHint.x
      value: 0
      objectReference: {fileID: 0}
    - target: {fileID: 7940605768395084174, guid: 4f5634f59c6e26a45b8f1f3a87838989,
        type: 3}
      propertyPath: m_LocalEulerAnglesHint.y
      value: 0
      objectReference: {fileID: 0}
    - target: {fileID: 7940605768395084174, guid: 4f5634f59c6e26a45b8f1f3a87838989,
        type: 3}
      propertyPath: m_LocalEulerAnglesHint.z
      value: 0
      objectReference: {fileID: 0}
    m_RemovedComponents: []
  m_SourcePrefab: {fileID: 100100000, guid: 4f5634f59c6e26a45b8f1f3a87838989, type: 3}
--- !u!4 &2021722509 stripped
Transform:
  m_CorrespondingSourceObject: {fileID: 7940605768395084174, guid: 4f5634f59c6e26a45b8f1f3a87838989,
    type: 3}
  m_PrefabInstance: {fileID: 2021722508}
  m_PrefabAsset: {fileID: 0}
--- !u!1001 &2063477477
PrefabInstance:
  m_ObjectHideFlags: 0
  serializedVersion: 2
  m_Modification:
    m_TransformParent: {fileID: 1474897888}
    m_Modifications:
    - target: {fileID: 3130418908647309128, guid: eb52b95eae8a504478bd774c4ab81fea,
        type: 3}
      propertyPath: m_Name
      value: Lamp (5)
      objectReference: {fileID: 0}
    - target: {fileID: 7178612906063152676, guid: eb52b95eae8a504478bd774c4ab81fea,
        type: 3}
      propertyPath: m_LocalPosition.x
      value: -7.163924
      objectReference: {fileID: 0}
    - target: {fileID: 7178612906063152676, guid: eb52b95eae8a504478bd774c4ab81fea,
        type: 3}
      propertyPath: m_LocalPosition.y
      value: -1.6245407
      objectReference: {fileID: 0}
    - target: {fileID: 7178612906063152676, guid: eb52b95eae8a504478bd774c4ab81fea,
        type: 3}
      propertyPath: m_LocalPosition.z
      value: 11.222609
      objectReference: {fileID: 0}
    - target: {fileID: 7178612906063152676, guid: eb52b95eae8a504478bd774c4ab81fea,
        type: 3}
      propertyPath: m_LocalRotation.x
      value: -0
      objectReference: {fileID: 0}
    - target: {fileID: 7178612906063152676, guid: eb52b95eae8a504478bd774c4ab81fea,
        type: 3}
      propertyPath: m_LocalRotation.y
      value: -0
      objectReference: {fileID: 0}
    - target: {fileID: 7178612906063152676, guid: eb52b95eae8a504478bd774c4ab81fea,
        type: 3}
      propertyPath: m_LocalRotation.z
      value: -0
      objectReference: {fileID: 0}
    - target: {fileID: 7178612906063152676, guid: eb52b95eae8a504478bd774c4ab81fea,
        type: 3}
      propertyPath: m_LocalRotation.w
      value: 1
      objectReference: {fileID: 0}
    - target: {fileID: 7178612906063152676, guid: eb52b95eae8a504478bd774c4ab81fea,
        type: 3}
      propertyPath: m_RootOrder
      value: 5
      objectReference: {fileID: 0}
    - target: {fileID: 7178612906063152676, guid: eb52b95eae8a504478bd774c4ab81fea,
        type: 3}
      propertyPath: m_LocalEulerAnglesHint.x
      value: 0
      objectReference: {fileID: 0}
    - target: {fileID: 7178612906063152676, guid: eb52b95eae8a504478bd774c4ab81fea,
        type: 3}
      propertyPath: m_LocalEulerAnglesHint.y
      value: 0
      objectReference: {fileID: 0}
    - target: {fileID: 7178612906063152676, guid: eb52b95eae8a504478bd774c4ab81fea,
        type: 3}
      propertyPath: m_LocalEulerAnglesHint.z
      value: 0
      objectReference: {fileID: 0}
    m_RemovedComponents: []
  m_SourcePrefab: {fileID: 100100000, guid: eb52b95eae8a504478bd774c4ab81fea, type: 3}
--- !u!4 &2063477478 stripped
Transform:
  m_CorrespondingSourceObject: {fileID: 7178612906063152676, guid: eb52b95eae8a504478bd774c4ab81fea,
    type: 3}
  m_PrefabInstance: {fileID: 2063477477}
  m_PrefabAsset: {fileID: 0}
--- !u!1 &2100821454
GameObject:
  m_ObjectHideFlags: 0
  m_CorrespondingSourceObject: {fileID: 0}
  m_PrefabInstance: {fileID: 0}
  m_PrefabAsset: {fileID: 0}
  serializedVersion: 6
  m_Component:
  - component: {fileID: 2100821455}
  - component: {fileID: 2100821456}
  m_Layer: 0
  m_Name: Lamp_Light (2)
  m_TagString: Untagged
  m_Icon: {fileID: 0}
  m_NavMeshLayer: 0
  m_StaticEditorFlags: 0
  m_IsActive: 1
--- !u!4 &2100821455
Transform:
  m_ObjectHideFlags: 0
  m_CorrespondingSourceObject: {fileID: 0}
  m_PrefabInstance: {fileID: 0}
  m_PrefabAsset: {fileID: 0}
  m_GameObject: {fileID: 2100821454}
  m_LocalRotation: {x: -0, y: -0, z: -0, w: 1}
  m_LocalPosition: {x: -9.503565, y: 4.805061, z: 1.2465963}
  m_LocalScale: {x: 1, y: 1, z: 1}
  m_Children: []
  m_Father: {fileID: 586113182}
  m_RootOrder: 2
  m_LocalEulerAnglesHint: {x: 0, y: 0, z: 0}
--- !u!108 &2100821456
Light:
  m_ObjectHideFlags: 0
  m_CorrespondingSourceObject: {fileID: 0}
  m_PrefabInstance: {fileID: 0}
  m_PrefabAsset: {fileID: 0}
  m_GameObject: {fileID: 2100821454}
  m_Enabled: 1
  serializedVersion: 8
  m_Type: 2
  m_Color: {r: 0.86322296, g: 0.8679245, b: 0.38074043, a: 1}
  m_Intensity: 1.88
  m_Range: 10
  m_SpotAngle: 30
  m_CookieSize: 10
  m_Shadows:
    m_Type: 0
    m_Resolution: -1
    m_CustomResolution: -1
    m_Strength: 1
    m_Bias: 0.05
    m_NormalBias: 0.4
    m_NearPlane: 0.2
  m_Cookie: {fileID: 0}
  m_DrawHalo: 0
  m_Flare: {fileID: 0}
  m_RenderMode: 0
  m_CullingMask:
    serializedVersion: 2
    m_Bits: 4294967295
  m_Lightmapping: 4
  m_LightShadowCasterMode: 0
  m_AreaSize: {x: 1, y: 1}
  m_BounceIntensity: 1
  m_ColorTemperature: 6570
  m_UseColorTemperature: 0
  m_ShadowRadius: 0
  m_ShadowAngle: 0
--- !u!1001 &2118649038
PrefabInstance:
  m_ObjectHideFlags: 0
  serializedVersion: 2
  m_Modification:
    m_TransformParent: {fileID: 1300441062}
    m_Modifications:
    - target: {fileID: 4520444282643147517, guid: 05893da1b3bc81241b802cf4601b5998,
        type: 3}
      propertyPath: m_Name
      value: Tree (4)
      objectReference: {fileID: 0}
    - target: {fileID: 1932317065895170424, guid: 05893da1b3bc81241b802cf4601b5998,
        type: 3}
      propertyPath: m_LocalPosition.x
      value: -7.203924
      objectReference: {fileID: 0}
    - target: {fileID: 1932317065895170424, guid: 05893da1b3bc81241b802cf4601b5998,
        type: 3}
      propertyPath: m_LocalPosition.y
      value: -1.7045406
      objectReference: {fileID: 0}
    - target: {fileID: 1932317065895170424, guid: 05893da1b3bc81241b802cf4601b5998,
        type: 3}
      propertyPath: m_LocalPosition.z
      value: 6.8126087
      objectReference: {fileID: 0}
    - target: {fileID: 1932317065895170424, guid: 05893da1b3bc81241b802cf4601b5998,
        type: 3}
      propertyPath: m_LocalRotation.x
      value: -0
      objectReference: {fileID: 0}
    - target: {fileID: 1932317065895170424, guid: 05893da1b3bc81241b802cf4601b5998,
        type: 3}
      propertyPath: m_LocalRotation.y
      value: -0
      objectReference: {fileID: 0}
    - target: {fileID: 1932317065895170424, guid: 05893da1b3bc81241b802cf4601b5998,
        type: 3}
      propertyPath: m_LocalRotation.z
      value: -0
      objectReference: {fileID: 0}
    - target: {fileID: 1932317065895170424, guid: 05893da1b3bc81241b802cf4601b5998,
        type: 3}
      propertyPath: m_LocalRotation.w
      value: 1
      objectReference: {fileID: 0}
    - target: {fileID: 1932317065895170424, guid: 05893da1b3bc81241b802cf4601b5998,
        type: 3}
      propertyPath: m_RootOrder
      value: 4
      objectReference: {fileID: 0}
    - target: {fileID: 1932317065895170424, guid: 05893da1b3bc81241b802cf4601b5998,
        type: 3}
      propertyPath: m_LocalEulerAnglesHint.x
      value: 0
      objectReference: {fileID: 0}
    - target: {fileID: 1932317065895170424, guid: 05893da1b3bc81241b802cf4601b5998,
        type: 3}
      propertyPath: m_LocalEulerAnglesHint.y
      value: 0
      objectReference: {fileID: 0}
    - target: {fileID: 1932317065895170424, guid: 05893da1b3bc81241b802cf4601b5998,
        type: 3}
      propertyPath: m_LocalEulerAnglesHint.z
      value: 0
      objectReference: {fileID: 0}
    m_RemovedComponents: []
  m_SourcePrefab: {fileID: 100100000, guid: 05893da1b3bc81241b802cf4601b5998, type: 3}
--- !u!4 &2118649039 stripped
Transform:
  m_CorrespondingSourceObject: {fileID: 1932317065895170424, guid: 05893da1b3bc81241b802cf4601b5998,
    type: 3}
  m_PrefabInstance: {fileID: 2118649038}
  m_PrefabAsset: {fileID: 0}
--- !u!1001 &1628141286141653630
PrefabInstance:
  m_ObjectHideFlags: 0
  serializedVersion: 2
  m_Modification:
    m_TransformParent: {fileID: 1300441062}
    m_Modifications:
    - target: {fileID: 4520444282643147517, guid: 05893da1b3bc81241b802cf4601b5998,
        type: 3}
      propertyPath: m_Name
      value: Tree
      objectReference: {fileID: 0}
    - target: {fileID: 1932317065895170424, guid: 05893da1b3bc81241b802cf4601b5998,
        type: 3}
      propertyPath: m_LocalPosition.x
      value: -7.203924
      objectReference: {fileID: 0}
    - target: {fileID: 1932317065895170424, guid: 05893da1b3bc81241b802cf4601b5998,
        type: 3}
      propertyPath: m_LocalPosition.y
      value: -1.7045406
      objectReference: {fileID: 0}
    - target: {fileID: 1932317065895170424, guid: 05893da1b3bc81241b802cf4601b5998,
        type: 3}
      propertyPath: m_LocalPosition.z
      value: -10.707392
      objectReference: {fileID: 0}
    - target: {fileID: 1932317065895170424, guid: 05893da1b3bc81241b802cf4601b5998,
        type: 3}
      propertyPath: m_LocalRotation.x
      value: -0
      objectReference: {fileID: 0}
    - target: {fileID: 1932317065895170424, guid: 05893da1b3bc81241b802cf4601b5998,
        type: 3}
      propertyPath: m_LocalRotation.y
      value: -0
      objectReference: {fileID: 0}
    - target: {fileID: 1932317065895170424, guid: 05893da1b3bc81241b802cf4601b5998,
        type: 3}
      propertyPath: m_LocalRotation.z
      value: -0
      objectReference: {fileID: 0}
    - target: {fileID: 1932317065895170424, guid: 05893da1b3bc81241b802cf4601b5998,
        type: 3}
      propertyPath: m_LocalRotation.w
      value: 1
      objectReference: {fileID: 0}
    - target: {fileID: 1932317065895170424, guid: 05893da1b3bc81241b802cf4601b5998,
        type: 3}
      propertyPath: m_RootOrder
      value: 0
      objectReference: {fileID: 0}
    - target: {fileID: 1932317065895170424, guid: 05893da1b3bc81241b802cf4601b5998,
        type: 3}
      propertyPath: m_LocalEulerAnglesHint.x
      value: 0
      objectReference: {fileID: 0}
    - target: {fileID: 1932317065895170424, guid: 05893da1b3bc81241b802cf4601b5998,
        type: 3}
      propertyPath: m_LocalEulerAnglesHint.y
      value: 0
      objectReference: {fileID: 0}
    - target: {fileID: 1932317065895170424, guid: 05893da1b3bc81241b802cf4601b5998,
        type: 3}
      propertyPath: m_LocalEulerAnglesHint.z
      value: 0
      objectReference: {fileID: 0}
    m_RemovedComponents: []
  m_SourcePrefab: {fileID: 100100000, guid: 05893da1b3bc81241b802cf4601b5998, type: 3}
--- !u!4 &1628141286141653631 stripped
Transform:
  m_CorrespondingSourceObject: {fileID: 1932317065895170424, guid: 05893da1b3bc81241b802cf4601b5998,
    type: 3}
  m_PrefabInstance: {fileID: 1628141286141653630}
  m_PrefabAsset: {fileID: 0}
--- !u!1001 &3105264232182159814
PrefabInstance:
  m_ObjectHideFlags: 0
  serializedVersion: 2
  m_Modification:
    m_TransformParent: {fileID: 1848577083}
    m_Modifications:
    - target: {fileID: 5672825879203107060, guid: 890dfa30616a8624280bfd8fd06fb509,
        type: 3}
      propertyPath: m_Name
      value: Street
      objectReference: {fileID: 0}
    - target: {fileID: 7572192130925065282, guid: 890dfa30616a8624280bfd8fd06fb509,
        type: 3}
      propertyPath: m_LocalPosition.x
      value: 0
      objectReference: {fileID: 0}
    - target: {fileID: 7572192130925065282, guid: 890dfa30616a8624280bfd8fd06fb509,
        type: 3}
      propertyPath: m_LocalPosition.y
      value: 0
      objectReference: {fileID: 0}
    - target: {fileID: 7572192130925065282, guid: 890dfa30616a8624280bfd8fd06fb509,
        type: 3}
      propertyPath: m_LocalPosition.z
      value: 0
      objectReference: {fileID: 0}
    - target: {fileID: 7572192130925065282, guid: 890dfa30616a8624280bfd8fd06fb509,
        type: 3}
      propertyPath: m_LocalRotation.x
      value: -0
      objectReference: {fileID: 0}
    - target: {fileID: 7572192130925065282, guid: 890dfa30616a8624280bfd8fd06fb509,
        type: 3}
      propertyPath: m_LocalRotation.y
      value: -0
      objectReference: {fileID: 0}
    - target: {fileID: 7572192130925065282, guid: 890dfa30616a8624280bfd8fd06fb509,
        type: 3}
      propertyPath: m_LocalRotation.z
      value: -0
      objectReference: {fileID: 0}
    - target: {fileID: 7572192130925065282, guid: 890dfa30616a8624280bfd8fd06fb509,
        type: 3}
      propertyPath: m_LocalRotation.w
      value: 1
      objectReference: {fileID: 0}
    - target: {fileID: 7572192130925065282, guid: 890dfa30616a8624280bfd8fd06fb509,
        type: 3}
      propertyPath: m_RootOrder
      value: 0
      objectReference: {fileID: 0}
    - target: {fileID: 7572192130925065282, guid: 890dfa30616a8624280bfd8fd06fb509,
        type: 3}
      propertyPath: m_LocalEulerAnglesHint.x
      value: 0
      objectReference: {fileID: 0}
    - target: {fileID: 7572192130925065282, guid: 890dfa30616a8624280bfd8fd06fb509,
        type: 3}
      propertyPath: m_LocalEulerAnglesHint.y
      value: 0
      objectReference: {fileID: 0}
    - target: {fileID: 7572192130925065282, guid: 890dfa30616a8624280bfd8fd06fb509,
        type: 3}
      propertyPath: m_LocalEulerAnglesHint.z
      value: 0
      objectReference: {fileID: 0}
    m_RemovedComponents: []
  m_SourcePrefab: {fileID: 100100000, guid: 890dfa30616a8624280bfd8fd06fb509, type: 3}
--- !u!4 &3105264232182159815 stripped
Transform:
  m_CorrespondingSourceObject: {fileID: 7572192130925065282, guid: 890dfa30616a8624280bfd8fd06fb509,
    type: 3}
  m_PrefabInstance: {fileID: 3105264232182159814}
  m_PrefabAsset: {fileID: 0}
